 Dungeon Crawl Stone Soup version 0.16-a0-3884-g0a5f664 (webtiles) character file.

1838999 motku the Invulnerable (level 27, -5/204 HPs)
             Began as a Gargoyle Fighter on Jan 21, 2015.
             Was the Champion of Makhleb.
             Killed from afar by a starcursed mass (21 damage)
             ... with an accursed screaming
             ... on level 27 of a ziggurat on Feb 2, 2015.
             The game lasted 16:40:40 (186278 turns).

motku the Invulnerable (Gargoyle Fighter)         Turns: 186278, Time: 16:40:40

Health: -5/204     AC: 68    Str:  6 (31) XL:     27
Magic:  22/49      EV:  4    Int: -7 (25) God:    Makhleb [******]
Gold:   19942      SH:  0    Dex: -6 (13) Spells: 15 memorised, 3 levels left

rFire  + + +     SeeInvis +     G - +9 executioner's axe (flame)
rCold  + + +     Clarity  +     w - +8 fire dragon armour
rNeg   + + +     SustAb   .     (no shield)
rPois  ∞         Gourm    .     v - -2 hat of the Alchemist {rElec rPois+ rF+ rC+ rN+ MR+ rMut rCorr}
rElec  +         Spirit   .     I - +2 cloak {MR+}
rCorr  +         Warding  +     L - +2 pair of gloves {Dex+3}
rMut   +         Stasis   .     m - +2 pair of boots of the Assassin {Stlth++}
MR     +++++                    t - brooch of Shielding {Ward rN+ AC+4 EV+4}
Stlth  ..........               S - ring of the Raven {Contam rPois+ Str+4 Int+4 Dex+3 Slay+6}
                                A - ring "Stris" {+Inv rC++ Str+4 SInv Stlth+}

@: lich-form, flying, contaminated, hasted, lost intelligence, lost dexterity,
glowing, very slow, almost entirely resistant to hostile enchantments, extremely
unstealthy
A: able to fly continuously, antennae 1, big wings, repulsion field 1, rugged
brown scales 1, clarity, clever 1, clumsy 1, magic resistance 1, negative energy
resistance 1, electricity resistance, spit poison 1, unbreathing, petrification
resistance, rot immunity, placid magic 1, AC +20
a: Spit Poison, Stop Flying, End Transformation, Minor Destruction, Lesser
Servant of Makhleb, Major Destruction, Greater Servant of Makhleb, Renounce
Religion, Evoke Invisibility
}: 14/15 runes: serpentine, barnacled, slimy, silver, golden, iron, obsidian,
icy, bone, demonic, glowing, magical, fiery, dark


You were on level 27 of a ziggurat.
You worshipped Makhleb.
Makhleb was exalted by your worship.
You were not hungry.
You were a lich.
You visited 18 branches of the dungeon, and saw 97 of its levels.
You visited Pandemonium 7 times, and saw 67 of its levels.
You visited the Abyss 3 times.
You visited 6 ziggurats (completing 2), and saw 134 of their levels.
You also visited: Trove, Sewer and Wizlab.

You collected 27356 gold pieces.
You spent 7414 gold pieces at shops.

Inventory:

Hand weapons
 F - a +9 broad axe of electrocution
 G - a +9 executioner's axe of flaming (weapon)
 X - a +9 sacred scourge of holy wrath
Armour
 m - the +2 pair of boots of the Assassin (worn) {Stlth++}
   (You found it on level 19 of a ziggurat)

   It makes you much more stealthy.
 q - the +8 orange crystal plate armour {Archmagi, Int+3 Clar SustAb}
   (You acquired it on level 7 of the Lair of Beasts)

   It affects your intelligence (+3).
   It sustains your strength, intelligence and dexterity.
   It protects you against confusion.
 v - the -2 hat of the Alchemist (worn) {rElec rPois+ rF+ rC+ rN+ MR+ rMut rCorr}
   (You found it on level 16 of a ziggurat)

   It protects you from fire.
   It protects you from cold.
   It insulates you from electricity.
   It protects you from poison.
   It protects you from negative energy.
   It affects your resistance to hostile enchantments.
   It protects you from acid and corrosion.
   It protects you from mutation.
 w - a +8 fire dragon armour (worn)
 I - a +2 cloak of magic resistance (worn)
 L - a +2 pair of gloves of dexterity (worn)
 O - the +12 large shield of Bitterness {rF- Str+4 Dex+3}
   (You found it on level 18 of a ziggurat)

   It affects your strength (+4).
   It affects your dexterity (+3).
   It makes you vulnerable to fire.
 R - the cursed +4 cloak of Too Many Cooks {rF+ rC+ Regen+ Int+4 Slay-5}
   (You found it on level 16 of a ziggurat)

   It affects your intelligence (+4).
   It affects your accuracy and damage with ranged weapons and melee attacks
   (-5).
   It protects you from fire.
   It protects you from cold.
   It increases your rate of regeneration.
   It has a curse placed upon it.
 W - a cursed +2 large shield of resistance
Magical staves
 Y - an uncursed staff of wizardry
Jewellery
 j - the ring "Bleadez" {SustAb rPois+ Int+4 Dex+7}
   (You found it on level 15 of a ziggurat)

   [ring of sustain abilities]

   It sustains your strength, intelligence and dexterity.
   It affects your intelligence (+4).
   It affects your dexterity (+7).
   It protects you from poison.
 t - the brooch of Shielding (around neck) {Ward rN+ AC+4 EV+4}
   (You found it on level 12 of a ziggurat)

   [amulet of warding]

   It may prevent the melee attacks of summoned creatures.
   It affects your AC (+4).
   It affects your evasion (+4).
   It protects you from negative energy.
 y - the cursed ring "Troiwyam" {-Tele rF++ MR+ Str+2}
   (You found it on level 12 of a ziggurat)

   [ring of protection from magic]

   It affects your strength (+2).
   It greatly protects you from fire.
   It affects your resistance to hostile enchantments.
   It prevents most forms of teleportation.
   It has a curse placed upon it.
 A - the ring "Stris" (left hand) {+Inv rC++ Str+4 SInv Stlth+}
   (You found it in a treasure trove)

   [ring of see invisible]

   It affects your strength (+4).
   It greatly protects you from cold.
   It enhances your eyesight.
   It lets you turn invisible.
   It makes you more stealthy.
 Q - the cursed ring of Kliogyen {rF+ rC+ MP+9 Int+2 Slay+3 Stlth+}
   (You found it on level 5 of the Vaults)

   [ring of magical power]

   It affects your intelligence (+2).
   It affects your accuracy and damage with ranged weapons and melee attacks
   (+3).
   It protects you from fire.
   It protects you from cold.
   It affects your magic capacity (+9).
   It makes you more stealthy.
   It has a curse placed upon it.
 S - the ring of the Raven (right hand) {Contam rPois+ Str+4 Int+4 Dex+3 Slay+6}
   (You bought it in a shop on level 4 of the Snake Pit)

   [ring of poison resistance]

   It affects your strength (+4).
   It affects your intelligence (+4).
   It affects your dexterity (+3).
   It affects your accuracy and damage with ranged weapons and melee attacks
   (+6).
   It protects you from poison.
   It causes magical contamination when unequipped.
Magical devices
 b - a wand of teleportation (4)
 H - a wand of hasting (1)
 N - a wand of heal wounds (1)
Scrolls
 a - 47 scrolls of blinking
 c - 43 scrolls of recharging
 f - 30 scrolls of fog
 h - 83 scrolls of teleportation
 i - 43 scrolls of enchant armour
 k - 75 scrolls of remove curse
 n - 19 scrolls of holy word
 o - 23 scrolls of amnesia
 p - 8 scrolls of fear
 s - 14 scrolls of magic mapping
 z - a scroll of brand weapon
 J - 5 scrolls of summoning
 M - 21 scrolls of silence
 P - 2 scrolls of identify
 U - 13 scrolls of enchant weapon
Potions
 e - 13 potions of might
 g - 60 potions of cure mutation
 r - 19 potions of brilliance
 u - 4 potions of magic
 x - 10 potions of berserk rage
 B - 2 potions of agility
 C - 59 potions of curing
 D - 2 potions of invisibility
 E - 7 potions of haste
 K - 14 potions of restore abilities
 T - 8 potions of cancellation
 V - 5 potions of heal wounds
 Z - 12 potions of resistance
Miscellaneous
 l - a crystal ball of energy
Comestibles
 d - 48 bread rations


   Skills:
 O Level 27 Fighting
 - Level 26.8(27) Axes
 - Level 26.4(27) Maces & Flails
 O Level 27 Armour
 O Level 27 Dodging
 O Level 27 Stealth
 O Level 27 Shields
 O Level 27 Spellcasting
 O Level 27 Conjurations
 O Level 27 Hexes
 + Level 22.7 Charms
 O Level 27 Necromancy
 O Level 27 Translocations
 + Level 25.5 Transmutations
 O Level 27 Fire Magic
 O Level 27 Air Magic
 O Level 27 Earth Magic
 O Level 27 Invocations
 O Level 27 Evocations


You had 3 spell levels left.
You knew the following spells:

 Your Spells              Type           Power        Failure   Level  Hunger
a - Silence               Hex/Air        #.........   0%          5    N/A
b - Stoneskin             Trmt/Erth      #.......     0%          2    N/A
c - Necromutation         Trmt/Necr      #.........   4%          8    N/A
d - Blink                 Tloc           N/A          0%          2    N/A
e - Regeneration          Chrm/Necr      #.........   0%          3    N/A
f - Apportation           Tloc           #.........   0%          1    N/A
g - Swiftness             Chrm/Air       #.......     0%          2    N/A
h - Shatter               Erth           #.........   65%         9    N/A
i - Haste                 Chrm           #.......     1%          6    N/A
j - Deflect Missiles      Chrm/Air       #.........   1%          6    N/A
k - Tornado               Air            #.........   65%         9    N/A
l - Mass Confusion        Hex            #.........   1%          6    N/A
m - Discord               Hex            #.........   4%          8    N/A
n - Death's Door          Chrm/Necr      #.........   7%          8    N/A
o - Throw Flame           Conj/Fire      #.....       0%          2    N/A

Dungeon Overview and Level Annotations

Branches:
Dungeon (15/15)            Temple (1/1) D:7            Lair (8/8) D:11
 Shoals (5/5) Lair:6        Snake (5/5) Lair:6        Slime (6/6) Lair:7
    Orc (4/4) D:9             Elf (3/3) Orc:4        Vaults (5/5) D:14
  Crypt (3/3) Vaults:3       Tomb (3/3) Crypt:3      Depths (5/5) D:15
   Hell (1/1)                 Dis (7/7) Hell            Geh (7/7) Hell
    Coc (7/7) Hell            Tar (7/7) Hell            Zot (5/5) Depths:5

Altars:
Ashenzari
Cheibriados
Dithmenos
Elyvilon
Fedhas
Gozag
Kikubaaqudgha
Makhleb
Nemelex Xobeh
Okawaru
Qazlal
Ru
Sif Muna
Trog
Vehumet
Xom
Yredelemnul
Zin
The Shining One
Jiyva

Shops:
Orc:1 ?   Orc:4 ?%?[   Elf:2 (   Shoals:2 [   Shoals:3 %   Snake:1 }
Snake:4 =   Vaults:1 [=   Vaults:4 }   Depths:1 %   Depths:4 }?!([

Portals:
Hell: Depths:1 Depths:2 Depths:3 Depths:4 Depths:5
Abyss: Depths:4
Pandemonium: Depths:1 Depths:3 Depths:5

Annotations:
D:6 Prince Ribbit
D:8 exclusion: 2 oklob saplings
Snake:3 runed door
Elf:2 runed door
Depths:1 runed door


Innate Abilities, Weirdness & Mutations

You are resistant to torment.
You are immune to poison.
You can fly continuously.
Your stone body is very resilient (AC +20).
Your wings are large and strong.
You resist negative energy.
You are resistant to electric shocks.
You can survive without breathing.
You are immune to petrification.
You are immune to rotting.
You have a pair of small antennae on your head.
You are surrounded by a mild repulsion field (EV +2).
You are partially covered in rugged brown scales (AC +1, +3% HP).
You possess an exceptional clarity of mind.
Your mind is acute. (Int +2)
You are clumsy. (Dex -2)
You are resistant to hostile enchantments.
You can spit poison.
Your spells are a little easier to cast, but a little less powerful.


Message History

The ufetubus tries to attack you, but flinches away. x2
Tentacles burst from the starspawn's body!
The ufetubus tries to attack you, but flinches away. x2
The wretched star pulses with an eldritch light!
You feel weakened.
You feel dopey.
You convulse from lack of intelligence!
* * * LOW HITPOINT WARNING * * *
You feel dopey.
You convulse from lack of intelligence!
* * * LOW HITPOINT WARNING * * *
The raiju twists and deforms. x2
The ufetubus twists and deforms. x3
The neqoxec twists and deforms.
The rakshasa twists and deforms.
The smoke demon twists and deforms. x2
The ufetubus twists and deforms.
The raiju twists and deforms.
The ufetubus twists and deforms.
The ynoxinul twists and deforms.
The raiju twists and deforms.
The monstrous corrupter twists and deforms.
A cacophony of accursed wailing tears at your sanity!
You die...

................XX.....
..................3.x..X
.....................Z.XX
.................).....4.S
................)...3...R§
∩...............XX.X...Y.D
...............xXw.......X.
.............3XXXw.Xx.V...3
..........XXXXXXL.3......XZ
.........h**XXh355)5.3....
........53XZxXRDX5..35..3.
........55*§XXxXh.3.x.X...
▓.......5*D#DxhD.......X.
▓..§....x3###X6........X
▓.§....Z3###w#........
▓▓......35####.......
▓▓§....§§D# .......


You could see 4 bone dragons, a hellephant, 13 starcursed masses, a monstrous
corrupter, 5 tentacled starspawn, 4 wretched stars, a rakshasa, 2 sun demons, a
vampire mage, 4 ancient zymes, 2 thrashing horrors, 7 large abominations, 2
worldbinders, 2 smoke demons, 4 raiju, 3 neqoxecs, a ynoxinul, a chaos spawn, a
small abomination, 3 starspawn tentacles, a golden dragon simulacrum, a tengu
simulacrum and 6 ufetubi.

Vanquished Creatures
  Antaeus (Coc:7)
  Asmodeus (Geh:7)
  Cerebov (Pan)
  the Serpent of Hell (Tar:7)
  the royal jelly (Slime:6)
  Ereshkigal (Tar:7)
  Gloorx Vloq (Pan)
  Ignacio (Pan)
  A seraph (Pan)
  Mnoleg (Pan)
  Dispater (Dis:7)
  Lom Lobon (Pan)
  12 orbs of fire
  The ghost of catsarecewl the Maledictor, a legendary FoFi of Cheibriados (Zig:10)
  83 greater mummies
  44 ancient liches
  Boris (twice) (Vaults:2 Crypt:2)
  15 shard shrikes
  The ghost of Somebody the Lord of Darkness, a great NaWr of Kikubaaqudgha (Zig:12)
  Norris (Snake:3)
  4 caustic shrikes
  40 Killer Klowns
  The ghost of Tarquin the Warrior, a legendary VSBe of Trog (Pan)
  8 curse toes
  Mara (Crypt:3)
  Mennas (Vaults:2)
  Geryon (Hell)
  30 golden dragons
  10 profane servitors
  Jory (Depths:4)
  Xtahua (Depths:3)
  11 pearl dragons
  36 bone dragons
  90 pandemonium lords
  19 electric golems
  Nikola (Snake:1)
  A Hellbinder (WizLab)
  44 tentacled monstrosities
  71 Brimstone Fiends
  7 hellephants
  A spectral shard shrike (Zig:3)
  67 Ice Fiends
  Vashnia (Snake:2)
  72 liches
  54 Hell Sentinels
  4 quicksilver dragons (shapeshifter)
  57 titans
  80 Shadow Fiends
  8 quicksilver dragons
  49 deep elf master archers
  5 Orb Guardians (Zot:5)
  30 deep elf blademasters
  Murray (Hell)
  88 acid blobs
  A kraken (Shoals:5)
  Polyphemus (Shoals:4)
  8 eldritch tentacles
  29 tentacled starspawn
  91 Executioners
  33 octopode crushers
  Rupert (Lair:5)
  Agnes (Depths:1)
  A spellforged servitor (Zig:7)
  16 sphinxes
  31 ancient champions
  Kirke (Snake:2)
  4 shadow dragons (shapeshifter)
  17 thorn hunters
  12 tengu reavers
  24 storm dragons
  3 sphinxes (shapeshifter)
  21 draconian monks
  8 azure jellies (shapeshifter)
  29 revenants
  39 blood saints
  28 shadow dragons
  Roxanne (Snake:2)
  40 azure jellies
  A storm dragon (shapeshifter) (Zig:18)
  Ilsuiw (Shoals:5)
  31 daevas
  36 fire giants
  A fire giant (shapeshifter) (Zig:17)
  37 vault wardens
  Donald (Elf:1)
  75 orc warlords
  Wiglaf (Elf:2)
  41 frost giants
  124 greater nagas
  Maud (Snake:1)
  23 iron dragons
  A frost giant (shapeshifter) (Zig:17)
  39 ghost moths
  30 draconian zealots
  33 draconian scorchers
  19 draconian knights
  Aizul (Snake:1)
  The ghost of Charly the Brawler, a mighty VSMo of Cheibriados (Slime:6)
  11 deep elf sorcerers
  5 spectral caustic shrikes
  151 balrugs
  13 curse skulls
  An emperor scorpion (shapeshifter) (Zig:5)
  48 angels
  25 caustic shrike zombies
  25 ironheart preservers
  54 emperor scorpions
  76 cacodemons
  34 war gargoyles
  26 ghouls
  42 warmongers
  243 reapers
  5 spriggan defenders
  21 draconian annihilators
  21 draconian shifters
  49 very ugly things
  19 salamander firebrands
  18 ophanim
  3 stone giants (shapeshifter)
  24 caustic shrike skeletons
  144 stone giants
  6 elemental wellsprings
  39 apis
  31 deep elf demonologists
  14 green draconians
  17 draconian callers
  28 grey draconians
  61 lorocyprocas
  20 black draconians
  42 vampire knights
  25 dire elephants
  23 yellow draconians
  51 bennus
  24 pale draconians
  3 spectral titans
  16 red draconians
  41 deep elf annihilators
  38 corrupters
  2 dire elephants (shapeshifter)
  An ettin (shapeshifter) (Zig:12)
  14 unborn
  59 black suns
  24 mottled draconians
  13 purple draconians
  The ghost of runewalsh the Gelid, a powerful OpIE of Vehumet (Lair:7)
  24 white draconians
  34 eidola
  27 deep elf death magi
  68 merfolk javelineers
  55 chaos champions
  82 green deaths
  Snorg (Shoals:1)
  43 jiangshi
  4 crystal guardians
  48 merfolk impalers
  32 deep elf high priests
  7 spectral golden dragons
  2 minotaurs
  30 ettins
  24 quicksilver dragon zombies
  61 yaktaur captains
  81 mummy priests
  4 kraken zombies
  75 hell beasts
  19 death oozes
  3 spectral quicksilver dragons
  35 vault guards
  106 blizzard demons
  34 fire dragons
  3 caustic shrike simulacra
  A fire dragon (shapeshifter) (Zig:5)
  2 spectral shadow dragons
  Fannar (D:10)
  54 ice dragons
  25 ogre magi
  7 death cobs
  A ghost crab (shapeshifter) (Vaults:5)
  52 hydras
  20 ghost crabs
  23 quicksilver dragon skeletons
  41 naga warriors
  39 rakshasas
  2 ice dragons (shapeshifter) (Zig:23)
  44 great orbs of eyes
  8 spectral sphinxes
  Nessos (Elf:1)
  86 monstrous demonspawn
  17 alligators
  10 deep troll earth magi
  7 spectral tengu
  Erica (D:14)
  An alligator (shapeshifter) (Zig:12)
  27 centaur warriors
  16 merfolk avatars
  2 alligator snapping turtles (shapeshifter)
  11 alligator snapping turtles
  15 spriggan air magi
  A spectral frost giant (Pan)
  37 merfolk aquamancers
  41 anacondas
  29 death yaks
  15 satyrs
  18 dancing weapons
  2 spectral stone giants
  4 spriggan berserkers
  44 titan zombies
  A satyr (shapeshifter) (Zig:23)
  10 death knights
  62 hell hogs
  76 orc high priests
  21 vampire magi
  8 tengu warriors
  2 catoblepae (shapeshifter)
  70 naga sharpshooters
  35 thrashing horrors
  Urug (D:15)
  3 spectral storm dragons
  10 spectral spriggans
  8 deep troll shamans
  57 shock serpents
  151 soul eaters
  A death yak (shapeshifter) (Zig:23)
  7 spectral elves
  17 storm dragon zombies
  47 iron trolls
  88 deep elf knights
  65 hell knights
  129 sun demons
  276 skeletal warriors
  11 unseen horrors
  11 iron golems
  42 wretched stars
  A quicksilver dragon simulacrum (Zig:26)
  26 catoblepae
  A spectral emperor scorpion (Zig:20)
  33 titan skeletons
  16 cherubim
  A fire crab (shapeshifter) (Vaults:1)
  A death drake (shapeshifter) (Zig:17)
  3 iron trolls (shapeshifter)
  6 fire crabs
  53 sea snakes
  5 ghost moth zombies
  93 death scarabs
  38 deep trolls
  63 shadow wraiths
  105 ice devils
  9 spatial maelstroms
  29 storm dragon skeletons
  5 spectral anacondas
  14 death drakes
  77 infernal demonspawn
  30 anaconda zombies
  Erolcha (D:8)
  2 sea snakes (shapeshifter)
  14 wizards
  10 salamander mystics
  A swamp dragon (shapeshifter) (Zig:18)
  A deep troll (shapeshifter) (Zig:12)
  33 golden dragon zombies
  17 spriggan druids
  38 shadow dragon zombies
  22 naga ritualists
  23 swamp dragons
  13 hill giants
  A giant orange brain (shapeshifter) (Zig:15)
  85 flayed ghosts
  3 ice statues
  64 deep elf summoners
  30 golden dragon skeletons
  69 gelid demonspawn (Pan)
  25 necromancers
  74 anubis guards
  80 shadow demons
  A spectral wolf spider (Pan)
  24 giant orange brains
  5 spectral hydras
  6 shambling mangroves
  18 wolf spider zombies
  75 putrid demonspawn (Pan)
  37 ironbrand convokers
  80 torturous demonspawn (Pan)
  76 deep elf conjurers
  26 orc knights
  12 anaconda skeletons
  3 lindwurms
  14 sphinx zombies
  23 shadow dragon skeletons
  73 harpies
  38 griffons
  5 draconian zombies
  26 tengu skeletons
  31 worldbinders
  34 wolf spiders
  2 harpies (shapeshifter)
  A mana viper (shapeshifter) (Zig:18)
  75 phantasmal warriors
  32 water nymphs
  The ghost of DEFE the Chopper, an experienced FoFi of Makhleb (D:5)
  31 iron dragon zombies
  34 fauns
  3 hell hog zombies (Geh:2)
  2 oklob plants (Zig:11)
  36 stone giant zombies
  A draconian (shapeshifter) (Zig:14)
  A salamander (shapeshifter) (Zig:27)
  23 fire giant zombies
  17 frost giant zombies
  16 deathcaps
  40 cyclopes
  63 ugly things
  37 orb spiders
  169 sixfirhies
  2 shining eyes (shapeshifter) (Zig:5)
  3 black mambas (shapeshifter)
  14 sphinx skeletons
  82 moths of wrath
  41 shining eyes
  A faun (shapeshifter) (Zig:14)
  A spectral ettin (Zig:8)
  60 orc sorcerers
  40 hornets
  2 spectral shock serpents
  22 iron dragon skeletons
  2 titan simulacra
  A moth of wrath (shapeshifter) (Zig:5)
  2 octopodes (shapeshifter)
  2 manticores (shapeshifter)
  A guardian serpent (shapeshifter) (Zig:23)
  53 salamanders
  42 mana vipers
  15 fire giant skeletons
  3 cyclopes (shapeshifter)
  11 dire elephant zombies
  11 elephants
  A water nymph (shapeshifter) (Zig:5)
  Maurice (D:11)
  3 shock serpent zombies
  11 frost giant skeletons
  26 sirens
  A draconian skeleton (Zig:15)
  An eye of devastation (shapeshifter) (Zig:17)
  24 stone giant skeletons
  An elephant (shapeshifter) (Zig:23)
  216 orange demons
  26 spriggan zombies
  71 spiny frogs
  159 black mambas
  A toenail golem (Zig:11)
  7 gargoyles
  36 vault sentinels
  228 smoke demons
  44 apocalypse crabs
  36 manticores
  10 kobold demonologists
  56 guardian serpents
  2 storm dragon simulacra
  126 rust devils
  4 centaur skeletons
  11 dire elephant skeletons
  10 torpor snails
  17 eyes of devastation
  134 hellions
  A pale draconian zombie (Zig:14)
  21 molten gargoyles
  2 drowned souls (Shoals:3)
  A black draconian zombie (Dis:5)
  3 spiny frogs (shapeshifter)
  A purple draconian zombie (Zig:11)
  4 emperor scorpion zombies
  29 komodo dragons
  3 mottled draconian zombies
  4 yellow draconian zombies
  24 fire drakes
  2 komodo dragons (shapeshifter)
  32 efreet
  74 naga magi
  2 anaconda simulacra
  3 ghoul skeletons (Zig:20)
  3 green draconian zombies
  2 tengu conjurers
  113 freezing wraiths
  31 ancient zymes
  A green draconian skeleton (Zig:15)
  A spectral torturous demonspawn (Zig:25)
  148 guardian mummies
  215 hellwings
  21 trolls
  70 demonic crawlers
  A yaktaur (shapeshifter) (Zig:12)
  44 jumping spiders
  A spectral harpy (Tar:4)
  87 yaktaurs
  A black draconian skeleton (Zig:15)
  206 red devils
  50 deep elf priests
  17 giant leeches
  15 wind drakes
  137 blue devils
  A spectral human (Zig:9)
  3 death drake zombies (Zig:25)
  A fire drake (shapeshifter) (Vaults:4)
  163 merfolk
  24 silent spectres
  38 hydra zombies
  2 mottled draconian skeletons
  A polar bear (shapeshifter) (Zig:23)
  4 spectral glowing shapeshifters
  A sphinx simulacrum (Zig:13)
  136 tormentors
  A polar bear (Zig:21)
  3 trolls (shapeshifter)
  Sonja (D:10)
  2 shadow dragon simulacra
  7 harpy zombies
  2 wind drakes (shapeshifter)
  3 baby alligators (shapeshifter)
  60 wandering mushrooms
  21 boulder beetles
  238 large abominations
  61 raiju
  38 two-headed ogres
  18 bog bodies
  2 iron dragon simulacra
  2 catoblepas zombies
  6 fire dragon zombies
  4 harpy skeletons
  A raiju (shapeshifter) (Depths:3)
  9 ravens
  2 tengu simulacra
  17 fire vortices
  5 moth of wrath zombies
  A two-headed ogre (shapeshifter) (Zig:14)
  A minotaur skeleton (Crypt:1)
  41 ushabtiu
  30 blink frogs
  2 snapping turtles (shapeshifter)
  6 catoblepas skeletons
  A spectral lindwurm (Zig:20)
  A spectral swamp dragon (Zig:25)
  A raven (shapeshifter) (Zig:12)
  185 slime creatures
  12 alligator zombies
  12 ettin zombies
  16 hydra skeletons
  A trapdoor spider zombie (Crypt:2)
  A stone giant simulacrum (Zig:8)
  A blink frog (shapeshifter) (Zig:12)
  34 snapping turtles
  12 basilisks
  15 ice dragon zombies
  64 redbacks
  27 trapdoor spiders
  13 air elementals
  4 alligator skeletons
  30 spriggans
  4 fire giant simulacra
  11 ice dragon skeletons
  71 vampires
  4 fire dragon skeletons
  A spriggan (shapeshifter) (Vaults:1)
  166 ynoxinuls
  77 yaks
  169 starcursed masses
  The ghost of Xiguana the Ruffian, an average TrMo (D:3)
  2 trapdoor spiders (shapeshifter)
  3 wyverns
  3 fire bats
  A yak (shapeshifter) (Vaults:3)
  3 spriggan simulacra
  103 deep elf magi
  16 ettin skeletons
  392 flying skulls
  49 fire elementals
  74 water elementals
  6 hogs
  146 shadows
  19 golden eyes
  143 wraiths
  2 tarantellas (shapeshifter)
  3 golden eyes (shapeshifter)
  106 neqoxecs
  34 hippogriffs
  A hill giant zombie (Crypt:1)
  7 black mamba skeletons
  49 tarantellas
  Grum (Orc:3)
  24 vampire mosquitoes
  26 wolves
  A spectral salamander (Zig:25)
  48 hungry ghosts
  125 deep elf fighters
  A spectral komodo dragon (Zig:20)
  2 hippogriffs (shapeshifter)
  72 chaos spawn
  A spectral raven (Zig:25)
  A steam dragon (shapeshifter) (Zig:23)
  A monstrous demonspawn zombie (Dis:5)
  21 insubstantial wisps
  157 hell hounds
  A torturous demonspawn zombie (Geh:5)
  18 wargs
  An infernal demonspawn zombie (Dis:4)
  A harpy simulacrum (Vaults:1)
  5 hydra simulacra
  6 spatial vortices
  3 merfolk zombies
  81 nagas
  6 sky beasts
  14 spiny frog zombies
  4 mottled dragons
  119 water moccasins
  2 spectral snapping turtles
  10 porcupines
  A deep troll skeleton (Vaults:4)
  A fire dragon simulacrum (Coc:7)
  An infernal demonspawn skeleton (Tar:7)
  101 necrophages
  A spectral troll (Tar:5)
  26 swamp drakes
  A water moccasin (shapeshifter) (Depths:2)
  2 black mamba simulacra (Vaults:1)
  A soldier ant (D:13)
  A spider (shapeshifter) (Zig:23)
  2 merfolk skeletons (Geh:6)
  21 wasps
  2 ghost crab zombies (Zig:25)
  28 phantoms
  14 spiny frog skeletons
  Purgy (Sewer)
  2 ettin simulacra
  17 spiders
  109 orc warriors
  2 black bears (shapeshifter)
  A water nymph skeleton (Crypt:1)
  44 ice beasts
  75 ogres
  2 black bears
  A porcupine (shapeshifter) (Zig:23)
  12 snapping turtle zombies
  8 boggarts
  3 manticore zombies
  48 eyes of draining
  2 ice dragon simulacra
  3 manticore skeletons
  2 swamp dragon skeletons
  An eye of draining (shapeshifter) (Zig:14)
  6 swamp dragon zombies
  An alligator simulacrum (Coc:2)
  2 boring beetles (shapeshifter)
  65 centaurs
  A fire drake zombie (Crypt:2)
  14 snapping turtle skeletons
  36 crocodiles
  15 boring beetles
  68 small abominations
  A boggart (shapeshifter) (Vaults:3)
  3 big kobolds
  7 brain worms
  3 yaktaur zombies
  An apocalypse crab zombie (Zig:24)
  42 giant frogs
  A spectral basilisk (Zig:25)
  Blork the orc (D:8)
  60 elf skeletons
  A glowing shapeshifter simulacrum (Zig:26)
  4 earth elementals
  A gnoll sergeant (Zig:15)
  A hell hound zombie (Tar:1)
  A yaktaur skeleton (Vaults:4)
  2 spiny frog simulacra
  2 water moccasin skeletons
  2 wyvern skeletons
  A queen bee zombie (Crypt:1)
  14 scorpions
  69 elf zombies
  A warg zombie (Zig:17)
  2 yak zombies (D:9)
  22 killer bees
  A spectral sky beast (Zig:20)
  A troll zombie (Coc:6)
  A spectral demigod (Zig:25)
  25 spriggan skeletons
  2 elephant simulacra (Vaults:1)
  A swamp dragon simulacrum (Coc:6)
  3 electric eels (Lair:8)
  195 wights
  5 lava snakes
  2 vampire bats
  17 quasits
  37 crimson imps
  12 hounds
  4 giant frog skeletons
  4 giant frog zombies
  43 orc priests
  3 elf simulacra
  72 iron imps
  A two-headed ogre zombie (Zig:15)
  4 goliath beetles
  10 centaur zombies
  7 human skeletons
  12 human zombies
  174 jellies
  A gnoll shaman (D:7)
  10 iguanas
  Natasha (twice) (D:3)
  42 orc wizards
  A troll simulacrum (Vaults:1)
  A spectral swamp drake (Zig:20)
  63 hell rats
  A killer bee zombie (D:10)
  5 ogre zombies
  63 sheep
  22 tengu zombies
  18 worker ants
  2 sky beast zombies
  3 naga zombies
  15 necrophage skeletons
  An ogre skeleton (Coc:2)
  A demigod skeleton (Crypt:2)
  A spectral worker ant (Zig:25)
  A big kobold skeleton (Crypt:2)
  294 mummies
  2 hound skeletons
  56 adders
  A worker ant zombie (D:10)
  3 gnolls (D:7)
  90 river rats
  A swamp drake skeleton (Crypt:2)
  65 shadow imps
  59 white imps
  A giant mite (D:5)
  A worm (D:4)
  4 giant eyeballs (Pan)
  356 ufetubi
  A lava snake skeleton (Crypt:2)
  3 giant geckos
  3 oozes
  610 orcs
  7 ball pythons
  A bat zombie (D:6)
  6 giant cockroaches
  47 hobgoblins
  7 jackals
  10 quokkas
  23 bats
  A giant gecko skeleton (D:5)
  2 giant newts
  A giant spore (D:13)
  83 goblins
  A goblin (shapeshifter) (Zig:23)
  3 goblin zombies
  6 hobgoblin zombies
  2 jackal skeletons
  A jackal zombie (D:8)
  25 kobolds
  2 kobold zombies
  5 lurking horrors
  An orc simulacrum (Tomb:1)
  2 orc skeletons
  63 orc zombies
  24 rats
  A spectral ball python (Zig:20)
  A spectral kobold (Crypt:3)
  5 ballistomycetes
  A block of ice (Pan)
  85 briar patches
  A bush (Zig:18)
  8 butterflies
  32 crawling corpses
  A fungus (Lair:6)
  13 grand avatars
  30 plants
  29 starspawn tentacles
  4 starspawn tentacle segments
  9 tentacles
19694 creatures vanquished.

Vanquished Creatures (collateral kills)
  Frederick (Tomb:1)
  A pearl dragon (Zig:20)
  A bone dragon (Zig:11)
  A fire giant (Vaults:5)
  A balrug (Zig:13)
  2 daevas (Zig:20)
  A cacodemon (Zig:11)
  2 angels (Zig:20)
  2 unborn (Tomb:1)
  A jiangshi (Crypt:3)
  A vampire mage (Crypt:3)
  A thrashing horror (Zig:12)
  A soul eater (Tomb:1)
  2 skeletal warriors
  An oklob plant (Zig:11)
  A guardian mummy (Tomb:1)
  2 ancient zymes
  A freezing wraith (Crypt:3)
  A hellwing (Zig:11)
  A silent spectre (Crypt:3)
  2 shadows (Crypt:3)
  A large abomination (Zig:24)
  A fire elemental (Zig:12)
  A neqoxec (Zig:11)
  3 starcursed masses (Zig:11)
  4 ufetubi
37 creatures vanquished.

Vanquished Creatures (others)
  An ancient lich (Abyss:1)
  A pearl dragon (Zig:20)
  An Ice Fiend (Pan)
  A Hell Sentinel (Zig:11)
  A titan (Zig:21)
  A deep elf blademaster (Depths:2)
  A pandemonium lord (Pan)
  5 deep elf master archers (Zig:24)
  3 eldritch tentacles
  A tentacled starspawn (Zig:12)
  A quicksilver dragon (Zig:22)
  An octopode crusher (Zig:19)
  An Executioner (Pan)
  A shadow dragon (Vaults:5)
  3 blood saints (Pan)
  5 daevas
  2 fulminant prisms (Pan)
  3 draconian scorchers
  A greater naga (Zig:22)
  A frost giant (Zig:10)
  A draconian knight (Zig:5)
  2 caustic shrike zombies (Zig:26)
  A cacodemon (Pan)
  A draconian zealot (Zot:1)
  2 fire giants
  2 angels
  2 emperor scorpions
  A reaper (Zig:26)
  5 caustic shrike skeletons
  A war gargoyle (Dis:7)
  A very ugly thing (Zig:17)
  A black draconian (Depths:5)
  5 stone giants
  3 bennus
  A black sun (Zig:16)
  10 merfolk javelineers (Zig:24)
  2 deep elf death magi
  9 yaktaur captains
  A quicksilver dragon zombie (Zig:18)
  Josephine (D:9)
  2 fire dragons (Zig:21)
  A merfolk impaler (Zig:19)
  A deep elf high priest (Elf:3)
  2 ice dragons
  A spriggan air mage (Zig:21)
  A chimera (Vaults:5)
  2 merfolk aquamancers
  A hell beast (Pan)
  An alligator (Zig:20)
  4 centaur warriors (Zig:24)
  2 dancing weapons (Pan)
  A shock serpent (shapeshifter) (Zig:17)
  4 naga sharpshooters
  3 storm dragon zombies
  2 soul eaters
  A catoblepas (Zig:21)
  A hell knight (Hell)
  A titan skeleton (Zig:9)
  An iron troll (Zig:27)
  An unseen horror (Vaults:1)
  3 storm dragon skeletons (Zig:18)
  A cherub (Zig:20)
  2 golden dragon zombies (Zig:18)
  4 water elementals (Zig:24)
  A sea snake (Zig:19)
  4 ball lightnings (Pan)
  A shadow wraith (Zig:17)
  2 deep trolls
  A death drake (Zig:25)
  A shadow demon (Zig:25)
  2 tengu zombies
  2 shadow dragon zombies (Zig:26)
  A putrid demonspawn (Pan)
  A golden dragon skeleton (Zig:26)
  3 harpies (Zig:22)
  3 mana vipers
  A wizard (Vaults:1)
  4 necromancers (Geh:3)
  An orb spider (Zig:16)
  A frost giant zombie (Dis:7)
  A sixfirhy (Pan)
  2 deep elf conjurers
  A faun (Zig:24)
  A fire giant zombie (Zig:13)
  4 cyclopes (Zig:24)
  A moth of wrath (Zig:17)
  2 sphinx skeletons (Zig:26)
  A salamander (Zig:22)
  A hornet (Zig:2)
  An iron dragon skeleton (Zig:26)
  A worldbinder (Zig:12)
  2 spriggan zombies
  A smoke demon (Pan)
  A drowned soul (Shoals:3)
  2 naga magi (Zig:22)
  A guardian serpent (Zig:22)
  A centaur skeleton (D:14)
  A spiny frog (Zig:21)
  5 yaktaurs
  2 spriggan skeletons
  A hellion (Zig:25)
  A tormentor (Zig:25)
  2 guardian mummies
  A komodo dragon (D:14)
  2 elf skeletons
  A fire drake (Zig:21)
  A black draconian skeleton (Zig:15)
  2 hellwings
  An anaconda simulacrum (Vaults:1)
  A red devil (Zig:25)
  2 blue devils
  2 wandering mushrooms (Zig:25)
  A raiju (Zig:12)
  7 merfolk
  A boulder beetle (Zig:11)
  A bog body (Zig:5)
  A raven (Zig:10)
  4 flying skulls
  2 deep elf magi
  A vampire (Geh:3)
  3 deep elf fighters
  A wraith (Zig:18)
  A human (Snake:2)
  An elf zombie (Zig:8)
  3 ynoxinuls
  3 neqoxecs
  A wolf (shapeshifter) (Zig:24)
  5 large abominations
  2 golden eyes
  An insubstantial wisp (Zig:21)
  2 chaos spawn
  4 water moccasins
  A human zombie (Zig:24)
  2 orc warriors
  A swamp drake (Zig:5)
  A hydra simulacrum (Coc:2)
  A boggart (Depths:2)
  An eye of draining (Zig:24)
  A phantom (Zig:18)
  An ogre (Depths:1)
  3 centaurs (Zig:24)
  16 lost souls
  7 small abominations
  A brain worm (Zig:12)
  3 scorpions
  4 wights
  A starcursed mass (Zig:27)
  A centaur zombie (Geh:7)
  An orc priest (Zig:12)
  An iron imp (Dis:7)
  An iguana (D:11)
  A lightning spire (Zig:6)
  6 sheep
  2 mummies
  3 shadow imps (Zig:25)
  4 ufetubi
  5 orcs
  5 giant spores
  A goblin zombie (Zig:17)
  A hobgoblin zombie (Zig:17)
  5 lurking horrors
  An orc zombie (Zig:17)
  6 briar patches
  2 bushes (Zig:18)
  A crawling corpse (Zig:18)
  382 eldritch tentacle segments
  4 fungi
  7 plants
  2 singularities (Pan)
  36 starspawn tentacles
  484 starspawn tentacle segments
  15 tentacles
  219 tentacle segments
1493 creatures vanquished.

Grand Total: 21224 creatures vanquished

Notes
Turn   | Place    | Note
--------------------------------------------------------------
     0 | D:1      | motku, the Gargoyle Fighter, began the quest for the Orb.
     0 | D:1      | Reached XP level 1. HP: 14/14 MP: 1/1
   199 | D:1      | Reached XP level 2. HP: 14/19 MP: 2/2
   535 | D:2      | Reached skill level 4 in Fighting
   535 | D:2      | Reached XP level 3. HP: 24/24 MP: 3/3
  1130 | D:3      | Noticed Natasha
  1134 | D:3      | Killed Natasha
  1134 | D:3      | Reached XP level 4. HP: 30/30 MP: 4/4
  1311 | D:3      | Noticed Natasha
  1322 | D:3      | Killed Natasha
  1408 | D:3      | Reached XP level 5. HP: 13/34 MP: 5/5
  1583 | D:3      | Noticed Xiguana's ghost (average TrMo)
  1669 | D:5      | Entered Level 5 of the Dungeon
  1836 | D:5      | Found a glowing drain.
  1846 | D:5      | Reached skill level 5 in Fighting
  1898 | D:5      | Reached XP level 6. HP: 28/40 MP: 6/6
  1915 | Sewer    | Entered a sewer
  1962 | Sewer    | Noticed Purgy
  1979 | Sewer    | Killed Purgy
  1979 | Sewer    | Reached skill level 5 in Maces & Flails
  2333 | D:5      | Noticed DEFE's ghost (experienced FoFi)
  2362 | D:5      | Killed DEFE's ghost
  2362 | D:5      | Reached skill level 6 in Fighting
  2362 | D:5      | Reached XP level 7. HP: 46/46 MP: 6/9
  2711 | D:5      | Noticed a sky beast
  2712 | D:5      | Noticed a phantom
  2743 | D:5      | Killed a sky beast
  2743 | D:5      | Reached skill level 7 in Maces & Flails
  2743 | D:5      | Reached XP level 8. HP: 48/52 MP: 11/11
  2806 | D:5      | Killed a phantom
  3233 | D:4      | Noticed an ogre
  3242 | D:4      | Killed an ogre
  3992 | D:3      | Found a basalt altar of Yredelemnul.
  4076 | D:3      | Killed Xiguana's ghost
  4076 | D:3      | Reached skill level 8 in Maces & Flails
  4423 | D:5      | Reached XP level 9. HP: 51/57 MP: 15/15
  4467 | D:6      | Noticed Prince Ribbit
  4801 | D:5      | Upgraded the game from 0.16-a0-3722-g5e7e3b6 to 0.16-a0-3728-gc6b4a4b
  5007 | D:7      | Reached skill level 9 in Maces & Flails
  5275 | D:7      | Found a deep blue altar of Sif Muna.
  5360 | D:7      | Found a staircase to the Ecumenical Temple.
  5395 | Temple   | Entered the Ecumenical Temple
  5607 | Temple   | Became a worshipper of Warmaster Okawaru
  5853 | D:7      | Reached skill level 5 in Evocations
  6587 | D:8      | Reached skill level 1 in Invocations
  6636 | D:8      | Acquired Okawaru's first power
  6719 | D:8      | Reached skill level 10 in Maces & Flails
  6839 | D:8      | Noticed Erolcha
  7125 | D:9      | Reached XP level 10. HP: 65/65 MP: 18/18
  7938 | D:9      | Reached skill level 11 in Maces & Flails
  8112 | D:9      | Found a staircase to the Orcish Mines.
  8175 | Orc:1    | Entered Level 1 of the Orcish Mines
  8207 | D:10     | Entered Level 10 of the Dungeon
  8207 | D:10     | Noticed Josephine
  8799 | Orc:3    | Noticed an orc sorcerer
  8807 | Orc:3    | Noticed a rust devil
  8812 | Orc:3    | Killed an orc sorcerer
  8812 | Orc:3    | Reached skill level 5 in Invocations
  9002 | Orc:3    | Noticed Grum
  9033 | Orc:3    | Reached skill level 10 in Fighting
  9226 | Orc:3    | Reached XP level 11. HP: 54/72 MP: 19/19
  9364 | Orc:3    | Noticed an orc sorcerer
  9373 | Orc:3    | Killed an orc sorcerer
  9373 | Orc:3    | Reached skill level 12 in Maces & Flails
  9622 | Orc:1    | Found Dyfua's Magic Scroll Shoppe.
  9629 | Orc:1    | Bought a scroll of fear for 52 gold pieces
  9629 | Orc:1    | Bought a scroll of identify for 30 gold pieces
  9629 | Orc:1    | Bought a scroll of enchant armour for 112 gold pieces
  9629 | Orc:1    | Bought a scroll of blinking for 112 gold pieces
  9755 | Orc:4    | Entered Level 4 of the Orcish Mines
 10577 | Orc:4    | Found Chacw's Armour Emporium.
 10581 | Orc:4    | Noticed an orc knight
 10582 | Orc:4    | Noticed an orc knight
 11269 | Orc:3    | Killed an orc knight
 11269 | Orc:3    | Acquired Okawaru's second power
 11305 | Orc:4    | Noticed an orc high priest
 11326 | Orc:4    | Noticed a sun demon
 11326 | Orc:4    | Killed an orc high priest
 11326 | Orc:4    | Reached skill level 13 in Maces & Flails
 11352 | Orc:4    | Noticed a giant orange brain
 11371 | Orc:4    | Killed a giant orange brain
 11389 | Orc:4    | Killed an orc knight
 11403 | Orc:4    | Noticed an orc high priest
 11414 | Orc:4    | Killed an orc high priest
 11444 | Orc:4    | Noticed a sun demon
 11818 | Orc:4    | Noticed an orc knight
 11851 | Orc:4    | Killed an orc knight
 11851 | Orc:4    | Reached XP level 12. HP: 29/80 MP: 13/20
 11935 | Orc:4    | Reached skill level 14 in Maces & Flails
 12257 | Orc:4    | Found a staircase to the Elven Halls.
 12461 | Orc:3    | Paralysed by an orc sorcerer for 7 turns
 12740 | Orc:4    | Found Wounir's Magic Scroll Emporium.
 12749 | Orc:4    | Found Choym's Magic Scroll Boutique.
 12749 | Orc:4    | Found Kotuawunt's Food Boutique.
 12758 | Orc:4    | Bought a scroll of blinking for 105 gold pieces
 12758 | Orc:4    | Bought a scroll of identify for 28 gold pieces
 12758 | Orc:4    | Bought 2 scrolls of teleportation for 84 gold pieces
 12758 | Orc:4    | Bought a scroll of recharging for 133 gold pieces
 12758 | Orc:4    | Bought a scroll of identify for 28 gold pieces
 12758 | Orc:4    | Bought a scroll of identify for 28 gold pieces
 12773 | Orc:4    | Bought a scroll of teleportation for 45 gold pieces
 12773 | Orc:4    | Bought a scroll of teleportation for 45 gold pieces
 12773 | Orc:4    | Bought a scroll of blinking for 112 gold pieces
 12773 | Orc:4    | Bought a scroll of teleportation for 45 gold pieces
 12773 | Orc:4    | Bought a scroll of fear for 52 gold pieces
 12779 | Orc:4    | Gained mutation: Your wings are large and strong. [potion of mutation]
 12779 | Orc:4    | Gained mutation: You possess an exceptional clarity of mind. [potion of mutation]
 12779 | Orc:4    | Gained mutation: You are robust (+10% HP). [potion of mutation]
 12797 | Orc:4    | Bought a scroll of random uselessness for 14 gold pieces
 12803 | Orc:4    | Bought a scroll of noise for 14 gold pieces
 12811 | Orc:4    | Bought a scroll of identify for 28 gold pieces
 13127 | D:8      | Noticed Blork the orc
 13137 | D:8      | Killed Blork the orc
 13248 | D:8      | Killed Erolcha
 13312 | D:8      | Noticed a wandering mushroom
 13317 | D:8      | Killed a wandering mushroom
 13323 | D:8      | Noticed a wandering mushroom
 13329 | D:8      | Killed a wandering mushroom
 13330 | D:8      | Noticed a wandering mushroom
 13341 | D:8      | Killed a wandering mushroom
 13342 | D:8      | Found a blossoming altar of Fedhas.
 13342 | D:8      | Noticed a wandering mushroom
 13349 | D:8      | Killed a wandering mushroom
 13754 | D:10     | Noticed Fannar
 13812 | D:9      | Killed Josephine
 13967 | D:10     | Killed Fannar
 13967 | D:10     | Received a gift from Okawaru
 13967 | D:10     | Reached skill level 15 in Maces & Flails
 14208 | D:10     | Noticed Sonja
 15119 | D:11     | Received a gift from Okawaru
 15187 | D:11     | Noticed Maurice
 15188 | D:11     | Found a staircase to the Lair.
 15204 | D:11     | Killed Maurice
 15329 | Lair:1   | Entered Level 1 of the Lair of Beasts
 15637 | Lair:1   | Reached XP level 13. HP: 66/95 MP: 21/21
 15812 | Lair:1   | Reached skill level 16 in Maces & Flails
 16438 | Lair:2   | Found a shimmering altar of Xom.
 16659 | Lair:2   | Received a gift from Okawaru
 17251 | Lair:3   | Reached skill level 5 in Armour
 17327 | Lair:3   | Reached skill level 5 in Shields
 17907 | Lair:3   | Learned a level 5 spell: Silence
 18544 | Lair:5   | Noticed Rupert
 18555 | Lair:5   | Paralysed by Rupert for 4 turns
 18565 | Lair:5   | Killed Rupert
 19540 | Lair:6   | Got a glittering copper ring
 19542 | Lair:6   | Identified the ring of Bliotti {rN+ MR+ Dex+3} (You found it on level 6 of the Lair of Beasts)
 19575 | Lair:6   | Found a staircase to the Snake Pit.
 19593 | Lair:6   | Reached skill level 1 in Axes
 20173 | Lair:6   | Mutation became permanent: Your wings are large and strong. [gargoyle growth]
 20173 | Lair:6   | Reached XP level 14. HP: 72/101 MP: 24/24
 20355 | Lair:6   | Found a staircase to the Shoals.
 20450 | Lair:7   | Found a staircase to the Slime Pits.
 20522 | Lair:7   | Noticed runewalsh's ghost (powerful OpIE)
 20538 | Lair:7   | Killed runewalsh's ghost
 20899 | Lair:7   | Reached skill level 5 in Axes
 20981 | Lair:7   | Identified 2 scrolls of acquirement
 21541 | Lair:8   | Entered Level 8 of the Lair of Beasts
 21628 | Lair:8   | Received a gift from Okawaru
 22556 | Lair:8   | Got a brightly glowing long sword
 22557 | Lair:8   | Identified the +6 long sword of the Ghost {freeze, rPois+ rN+ Int-3} (You found it on level 8 of the Lair of Beasts)
 22619 | Lair:8   | Received a gift from Okawaru
 23115 | Lair:4   | Reached XP level 15. HP: 102/106 MP: 25/25
 24230 | D:11     | Reached skill level 10 in Axes
 25666 | D:10     | Killed an unseen horror
 25765 | Orc:3    | Killed Grum
 25972 | Elf:1    | Entered Level 1 of the Elven Halls
 26068 | Elf:1    | Noticed Nessos
 26093 | Elf:1    | Killed Nessos
 26140 | Elf:1    | Noticed Donald
 26150 | Elf:1    | Killed Donald
 26150 | Elf:1    | Received a gift from Okawaru
 26150 | Elf:1    | Reached skill level 10 in Armour
 26150 | Elf:1    | Reached skill level 10 in Shields
 26330 | Elf:1    | Identified the Incunabulum of the Entourage
 26646 | Elf:1    | Received a gift from Okawaru
 27128 | Elf:2    | Found Cekk's Weapon Emporium.
 27169 | Elf:2    | Noticed Wiglaf
 27170 | Elf:2    | Found a deep blue altar of Sif Muna.
 27180 | Elf:2    | Reached XP level 16. HP: 87/113 MP: 15/25
 27200 | Elf:2    | Killed Wiglaf
 27317 | Elf:2    | Found a runed gate.
 27318 | Elf:2    | Found a runed gate.
 27318 | Elf:2    | Found a runed gate.
 27559 | Elf:2    | Noticed a deep elf blademaster
 27586 | Elf:2    | Killed a deep elf blademaster
 28218 | Snake:1  | Entered Level 1 of the Snake Pit
 28245 | Snake:1  | Found Pnusty's Gadget Emporium.
 28245 | Snake:1  | Noticed Aizul
 28281 | Snake:1  | Killed Aizul
 28503 | Snake:1  | Received a gift from Okawaru
 28561 | Snake:1  | Noticed Nikola
 28568 | Snake:1  | Noticed Maud
 28588 | Snake:1  | Killed Maud
 28594 | Snake:1  | Killed Nikola
 28688 | Snake:1  | You fall through a shaft!
 28769 | Snake:2  | Noticed Kirke
 29001 | Snake:2  | Noticed Roxanne
 29028 | Snake:2  | Killed Roxanne
 29320 | Snake:2  | Noticed Vashnia
 29334 | Snake:2  | Reached XP level 17. HP: 75/118 MP: 16/26
 29356 | Snake:2  | Killed Vashnia
 29581 | Snake:2  | Upgraded the game from 0.16-a0-3728-gc6b4a4b to 0.16-a0-3749-g20dbed2
 29582 | Snake:2  | Received a gift from Okawaru
 29586 | Snake:2  | Got a bloodstained flail {god gift}
 29737 | Snake:2  | Identified the +8 flail of Schesefeo {crush, +Fly rF+ rN- MP+9 Int+4 SInv} (Okawaru gifted it to you on level 2 of the Snake Pit)
 29743 | Snake:2  | Learned a level 2 spell: Stoneskin
 30066 | Snake:2  | Killed Kirke
 30174 | Snake:3  | Found a runed gate.
 30174 | Snake:3  | Found a runed gate.
 30174 | Snake:3  | Found a runed gate.
 30339 | Snake:3  | Received a gift from Okawaru
 30353 | Snake:3  | Noticed Norris
 30363 | Snake:3  | Paralysed by Norris for 7 turns
 30409 | Snake:3  | Killed Norris
 31254 | Snake:4  | Received a gift from Okawaru
 31662 | Snake:4  | Got a bound bone ring
 31736 | Snake:4  | Found Gaig's Jewellery Shoppe.
 31739 | Snake:4  | Bought the ring of the Raven {Contam rPois+ Str+4 Int+4 Dex+3 Slay+6} for 1463 gold pieces
 31740 | Snake:4  | Identified the ring "Guvopt" {rElec MP-9 Dex+5 Slay+5} (You took it off a naga mage on level 4 of the Snake Pit)
 32026 | Snake:4  | Reached XP level 18. HP: 127/127 MP: 18/27
 32101 | Snake:5  | Entered Level 5 of the Snake Pit
 32996 | Snake:5  | Received a gift from Okawaru
 33212 | Snake:5  | Got a serpentine rune of Zot
 33266 | Snake:5  | Reached skill level 15 in Shields
 33368 | Snake:5  | Reached skill level 15 in Armour
 34239 | D:13     | Reached skill level 15 in Fighting
 35628 | D:14     | Reached XP level 19. HP: 125/136 MP: 27/27
 35733 | D:14     | Noticed Erica
 35743 | D:14     | Killed Erica
 35957 | D:14     | Found a gate to the Vaults.
 35969 | Vaults:1 | Entered Level 1 of the Vaults
 36031 | Vaults:1 | Found Jiqiuc Tiaxo's Jewellery Shop.
 36196 | Vaults:1 | Identified the Handbook of Harmful Cold
 36316 | Vaults:1 | Received a gift from Okawaru
 36337 | Vaults:1 | Identified Musamou's Compendium of the Entourage
 36383 | Vaults:1 | Found Shifrexza's Antique Armour Shoppe.
 36854 | Vaults:1 | Identified the Disquisition on Ignition and Conjuration
 37150 | Vaults:1 | Received a gift from Okawaru
 37155 | Vaults:1 | Identified the Compendium of Stones
 37277 | Vaults:1 | Paralysed by something for 3 turns
 37278 | Vaults:1 | Cast into the Abyss (a wizard)
 37303 | Abyss:1  | Found a corrupted altar of Lugonu.
 37413 | Abyss:1  | Gained mutation: Your body is slowly deteriorating. [a neqoxec]
 37489 | Abyss:1  | Paralysed by accursed screaming for 1 turns
 38089 | Abyss:1  | Found a corrupted altar of Lugonu.
 38116 | Abyss:1  | Found a sparkling altar of Nemelex Xobeh.
 38204 | Abyss:1  | Noticed a profane servitor
 38224 | Abyss:1  | Killed a profane servitor
 38387 | Abyss:1  | Found a corrupted altar of Lugonu.
 38568 | Vaults:1 | Escaped the Abyss
 38598 | Vaults:1 | Identified the Disquisition on Changing
 38638 | Vaults:1 | Reached XP level 20. HP: 145/145 MP: 20/29
 38644 | Vaults:1 | Reached skill level 17 in Shields
 38936 | Vaults:2 | Got an ancient amber ring
 38938 | Vaults:2 | Identified the ring of the Lotus Blossom {+Inv +Fly rElec EV+3 Str-2 Stlth-} (You found it on level 2 of the Vaults)
 39278 | Vaults:2 | Noticed Mennas
 39310 | Vaults:2 | Killed Mennas
 39316 | Vaults:2 | Noticed Boris
 39334 | Vaults:2 | Killed Boris
 39334 | Vaults:2 | Received a gift from Okawaru
 40366 | Vaults:3 | Reached skill level 18 in Shields
 41152 | Vaults:3 | Found a staircase to the Crypt.
 41228 | Vaults:3 | HP: 6/145 [fire giant/fireball (51)]
 41841 | Shoals:1 | Entered Level 1 of the Shoals
 41885 | Shoals:1 | Got an ichor-stained shield
 41896 | Shoals:1 | Identified the +3 shield of Indemnity {rElec rN+} (You acquired it on level 1 of the Shoals)
 42002 | Shoals:1 | Noticed Snorg
 42011 | Shoals:1 | Killed Snorg
 42243 | Shoals:1 | Received a gift from Okawaru
 43021 | Shoals:2 | Reached XP level 21. HP: 143/149 MP: 21/30
 43128 | Shoals:2 | Found Caunt's Antique Armour Emporium.
 43462 | Shoals:3 | Found Hunkylla's Food Emporium.
 43543 | Shoals:3 | Reached skill level 19 in Shields
 44246 | Shoals:4 | Received a gift from Okawaru
 44543 | Shoals:4 | Noticed Polyphemus
 44567 | Shoals:4 | Killed Polyphemus
 44978 | Shoals:5 | Entered Level 5 of the Shoals
 44978 | Shoals:5 | Noticed Ilsuiw
 45536 | Shoals:5 | Got a barnacled rune of Zot
 45588 | Shoals:5 | Killed Ilsuiw
 45593 | Shoals:5 | Reached skill level 20 in Shields
 45867 | Shoals:5 | Identified the Volume of Fascination and Evil Rites
 46004 | Shoals:5 | Received a gift from Okawaru
 46010 | Shoals:5 | Got a pair of scorched gloves
 46021 | Shoals:5 | Identified the +2 pair of gloves of the First Snow {HP-9 Str+3 Dex+3 Stlth+} (You found it on level 5 of the Shoals)
 46064 | Shoals:5 | Got a shimmering chain mail
 46065 | Shoals:5 | Identified the +1 chain mail "Lemausm" {rF- rCorr MP-9} (You found it on level 5 of the Shoals)
 46263 | Shoals:5 | Got a scorched battleaxe
 46269 | Shoals:5 | Identified the +8 battleaxe of the Common Good {flame, rElec Str+5 Int+3} (You found it on level 5 of the Shoals)
 47065 | D:15     | Entered Level 15 of the Dungeon
 47171 | D:15     | Found a staircase to the Depths.
 47349 | D:15     | Reached XP level 22. HP: 156/156 MP: 21/30
 47359 | D:15     | Noticed Urug
 47374 | D:15     | Killed Urug
 47384 | D:15     | Learned a level 2 spell: Repel Missiles
 47387 | D:15     | Learned a level 2 spell: Blink
 47894 | Depths:1 | Entered Level 1 of the Depths
 47894 | Depths:1 | Found a one-way gate leading to the halls of Pandemonium.
 47960 | Depths:1 | Found a gateway to Hell.
 48033 | Depths:1 | Received a gift from Okawaru
 48163 | Depths:1 | Found Xosey's Food Shop.
 48210 | Depths:1 | Found a runed door.
 48234 | Depths:1 | Found a magical portal.
 48242 | WizLab   | Entered The Hall of Qiawkoc the Hellbinder
 48478 | WizLab   | Reached skill level 21 in Shields
 48629 | WizLab   | Learned a level 3 spell: Regeneration
 48631 | WizLab   | Got a clouded pewter ring
 48632 | WizLab   | Identified the ring "Ruferer" {rF+ HP+9 Str+2 Int+4 Dex-2} (You found it in a wizard's laboratory)
 48636 | WizLab   | Identified the Disquisition on Captivating Creation
 48646 | WizLab   | Found a burning altar of Makhleb.
 48675 | WizLab   | Identified the Compendium of the Escort
 48951 | WizLab   | Received a gift from Okawaru
 49439 | Depths:1 | Found a shattered altar of Ashenzari.
 49508 | Depths:1 | Noticed Agnes
 49528 | Depths:1 | Got a faintly humming plate armour
 49548 | Depths:1 | Identified the cursed -1 plate armour of the Sky {+Inv rElec HP-9} (You found it on level 1 of the Depths)
 50433 | Depths:1 | Killed Agnes
 50674 | Depths:1 | Noticed a caustic shrike
 50884 | Depths:1 | Killed a caustic shrike
 50932 | Depths:1 | Paralysed by a great orb of eyes for 5 turns
 50948 | Depths:1 | Received a gift from Okawaru
 51273 | Depths:1 | Reached XP level 23. HP: 156/161 MP: 31/31
 51510 | Depths:2 | Reached skill level 1 in Charms
 51510 | Depths:2 | Reached skill level 1 in Air Magic
 51899 | Depths:2 | Reached skill level 22 in Shields
 52474 | Depths:2 | Reached skill level 1 in Spellcasting
 52677 | Depths:2 | Found a snail-covered altar of Cheibriados.
 52699 | Depths:2 | Received a gift from Okawaru
 53227 | Depths:2 | Got a jewelled helmet
 53238 | Depths:2 | Identified the cursed -2 helmet of Impressiveness {+Fly rPois+ MR- MP+9 Dex-3} (You found it on level 2 of the Depths)
 53301 | Depths:2 | Learned a level 1 spell: Apportation
 53303 | Depths:2 | Got a steaming granite ring
 53304 | Depths:2 | Identified the ring "Guix Tha" {rPois+ rF++ SInv} (You took it off a deep elf knight on level 2 of the Depths)
 53562 | Depths:3 | Found a gateway to a ziggurat.
 53847 | Depths:3 | Noticed Xtahua
 53863 | Depths:3 | Killed Xtahua
 53871 | Depths:3 | Reached skill level 5 in Charms
 54072 | Depths:3 | Learned a level 2 spell: Swiftness
 54134 | Depths:3 | Reached XP level 24. HP: 148/169 MP: 31/31
 54263 | Depths:3 | Reached skill level 5 in Air Magic
 54432 | Depths:3 | Identified Olgreb's Grimoire of Harmful Poisoning (You found it on level 3 of the Depths)
 54610 | Depths:1 | Received a gift from Okawaru
 54619 | Depths:1 | Got a dazzling plate armour {god gift}
 54631 | Depths:1 | Identified the +3 plate armour "Ploiwa" {rN+ rCorr Str+5 Dex+3 Stlth-} (Okawaru gifted it to you on level 1 of the Depths)
 54998 | Slime:1  | Entered Level 1 of the Pits of Slime
 55000 | Slime:1  | Gained mutation: You are weak. (Str -2) [a shining eye]
 55074 | Slime:2  | Reached skill level 5 in Spellcasting
 55259 | Slime:6  | Entered Level 6 of the Pits of Slime
 55259 | Slime:6  | Noticed Charly's ghost (mighty VSMo)
 55270 | Slime:6  | Killed Charly's ghost
 55504 | Slime:6  | Found a viscous altar of Jiyva.
 55507 | Slime:6  | Noticed the royal jelly
 55538 | Slime:6  | Killed the royal jelly
 55597 | Slime:6  | Got a smelly plate armour
 55608 | Slime:6  | Identified the cursed -6 plate armour of Narcissism {-Cast rF+ rCorr Str-5 Slay+5 SInv} (You found it on level 6 of the Pits of Slime)
 55624 | Slime:6  | Got an iridescent dagger
 55625 | Slime:6  | Identified the +7 dagger of Pestilence {freeze, rPois+ rC++ MR+} (You found it on level 6 of the Pits of Slime)
 55691 | Slime:6  | Got a slimy rune of Zot
 55754 | Slime:6  | Got a dazzling flail
 55755 | Slime:6  | Identified the +7 flail "Phuqut" {crush, Dex+2} (You found it on level 6 of the Pits of Slime)
 55806 | Slime:6  | Got a crystal mace
 55807 | Slime:6  | Identified the +8 mace of Tender Mercy {crush, +Blink rElec rN+} (You found it on level 6 of the Pits of Slime)
 56398 | D:10     | Killed Sonja
 56615 | Elf:3    | Entered Level 3 of the Elven Halls
 56910 | Elf:3    | Reached skill level 1 in Hexes
 57321 | Elf:3    | Received a gift from Okawaru
 57324 | Elf:3    | Got a pitted mace {god gift}
 57333 | Elf:3    | Identified the +4 mace "Rype" {crush, +Rage +Fly rPois+ rC+ MR+ Int-2 Dex+3 Stlth-} (Okawaru gifted it to you on level 3 of the Elven Halls)
 57446 | Elf:3    | Cast into the Abyss (a deep elf sorcerer)
 57446 | Abyss:1  | Found a corrupted altar of Lugonu.
 57708 | Abyss:1  | Reached XP level 25. HP: 69/178 MP: 35/35
 58380 | Elf:3    | Escaped the Abyss
 58575 | Elf:3    | Received a gift from Okawaru
 58605 | Elf:3    | Got an ichor-stained flail
 58607 | Elf:3    | Identified the +9 flail of Moderation {crush, MR++} (You took it off a deep elf conjurer on level 3 of the Elven Halls)
 58886 | Elf:3    | Got a slimy copper ring
 59060 | Elf:3    | Identified the cursed ring "Palaroko" {rN+ Dex-5} (You took it off a deep elf master archer on level 3 of the Elven Halls)
 59063 | Elf:3    | Got a dazzling helmet
 59074 | Elf:3    | Identified the +0 helmet of Follow the Leader {+Blink +Fly rN+} (You found it on level 3 of the Elven Halls)
 59113 | Elf:3    | Got a sparkling iron ring
 59121 | Elf:3    | Identified the ring "Thooxu Fuirch" {+Blink +Inv rN+} (You took it off a deep elf knight on level 3 of the Elven Halls)
 59725 | Lair:1   | Upgraded the game from 0.16-a0-3749-g20dbed2 to 0.16-a0-3761-g2321f2b
 59913 | Temple   | Fell from the grace of Okawaru
 59913 | Temple   | Became a worshipper of the Shining One
 60346 | Crypt:1  | Entered Level 1 of the Crypt
 60426 | Crypt:1  | Acquired the Shining One's first power
 60533 | Crypt:1  | Acquired the Shining One's second power
 61069 | Crypt:1  | Reached skill level 5 in Hexes
 61173 | Crypt:2  | Acquired the Shining One's third power
 61539 | Crypt:2  | Noticed Boris
 61567 | Crypt:2  | Killed Boris
 61931 | Crypt:2  | Acquired the Shining One's fourth power
 62709 | Crypt:3  | Entered Level 3 of the Crypt
 62874 | Crypt:3  | Found a basalt altar of Yredelemnul.
 62911 | Crypt:3  | Reached skill level 23 in Armour
 63356 | Crypt:3  | Reached XP level 26. HP: 74/184 MP: 38/38
 63454 | Crypt:3  | Reached skill level 10 in Spellcasting
 63474 | Crypt:3  | Noticed Mara
 63506 | Crypt:3  | Noticed motku's illusion
 63509 | Crypt:3  | Killed Mara
 63624 | Crypt:3  | Identified Borgnjor's Catalogue of Evil
 63687 | Crypt:3  | Was placed under penance by the Shining One
 63714 | Crypt:3  | Found a staircase to the Tomb.
 63797 | Crypt:3  | Was forgiven by the Shining One
 63817 | Crypt:3  | Reached skill level 10 in Air Magic
 64813 | Temple   | Identified an uncursed broad axe of holy wrath (a broad axe blessed by the Shining One)
 65339 | Zig:1    | Entered Level 1 of a ziggurat
 65355 | Zig:2    | Entered Level 2 of a ziggurat
 65392 | Zig:3    | Entered Level 3 of a ziggurat
 65410 | Zig:3    | Identified the Handbook of Malediction
 65423 | Zig:4    | Entered Level 4 of a ziggurat
 65475 | Zig:5    | Entered Level 5 of a ziggurat
 65523 | Zig:5    | Got a warped great mace
 65524 | Zig:5    | Identified the +9 great mace of the Hawk {crush, rPois+ MP+9 Int-5 Dex+7 Stlth-} (You found it on level 5 of a ziggurat)
 65535 | Zig:6    | Entered Level 6 of a ziggurat
 65586 | Zig:7    | Entered Level 7 of a ziggurat
 65637 | Zig:7    | Got a twitching wooden ring
 65639 | Zig:7    | Identified the ring "Yfud Casm" {+/*Tele Dex+3} (You found it on level 7 of a ziggurat)
 65645 | Zig:7    | Identified the Almanac of the Rocks and Shape Shifting
 65647 | Zig:7    | Got a smoking rapier
 65648 | Zig:7    | Identified the +0 rapier "Eviscerator" {holy, +Blink rF- Str+6 Dex-4 Stlth-} (You found it on level 7 of a ziggurat)
 65862 | Zig:8    | Entered Level 8 of a ziggurat
 65952 | Zig:9    | Entered Level 9 of a ziggurat
 65960 | Zig:9    | Noticed an ancient lich
 65987 | Zig:9    | Killed an ancient lich
 66021 | Zig:9    | Identified the Grimoire of the Compass and Black Magic
 66032 | Zig:9    | Learned a level 9 spell: Shatter
 66069 | Zig:10   | Entered Level 10 of a ziggurat
 66157 | Zig:10   | Got an encrusted trident
 66158 | Zig:10   | Identified the +5 trident "Giotugh" {pierce, Str+4 Dex+3} (You found it on level 10 of a ziggurat)
 66179 | Zig:10   | Got a bloodstained chain mail
 66180 | Zig:10   | Identified the +1 chain mail of Zoall {Int+11 Dex+3} (You found it on level 10 of a ziggurat)
 66223 | Zig:11   | Entered Level 11 of a ziggurat
 66291 | Zig:11   | Paralysed by accursed screaming for 1 turns
 66335 | Zig:11   | Paralysed by accursed screaming for 2 turns
 66589 | Zig:11   | Got a crystal war axe
 66590 | Zig:11   | Identified the +3 war axe "Criegg" {elec, rN+ MR+ MP+9 Int+4} (You found it on level 11 of a ziggurat)
 66605 | Zig:11   | Reached skill level 24 in Armour
 66605 | Zig:11   | Reached XP level 27. HP: 131/190 MP: 40/40
 66765 | Zig:12   | Entered Level 12 of a ziggurat
 66922 | Zig:12   | Got a smoking robe
 66923 | Zig:12   | Identified the cursed -6 robe of Weirdness {rN- Slay+5} (You found it on level 12 of a ziggurat)
 66954 | Zig:12   | Got a smelly plate armour
 66965 | Zig:12   | Identified the cursed -4 plate armour of Salvation {+Blink Int+7 Dex+7} (You found it on level 12 of a ziggurat)
 67008 | Zig:13   | Entered Level 13 of a ziggurat
 67027 | Zig:13   | Noticed Woirreg the pandemonium lord
 67027 | Zig:13   | Reached skill level 10 in Hexes
 67037 | Zig:13   | Gained mutation: Scrolls take you a little longer to read. [a neqoxec]
 67064 | Zig:13   | Killed Woirreg the pandemonium lord
 67138 | Zig:13   | Got a brightly glowing hand axe
 67139 | Zig:13   | Identified the +5 hand axe "Topnal" {freeze, Str+4} (You found it on level 13 of a ziggurat)
 67168 | Zig:14   | Entered Level 14 of a ziggurat
 67344 | Zig:14   | Got a sparkling ivory ring
 67346 | Zig:14   | Identified the ring "Miasus" {SustAb MR+ Str-5 Dex+5} (You found it on level 14 of a ziggurat)
 67357 | Zig:14   | Got a bloodstained great sword
 67360 | Zig:14   | Identified the +8 great sword of War {freeze, rF+ Int+2} (You found it on level 14 of a ziggurat)
 67825 | Depths:3 | Was forgiven by Okawaru
 68182 | Hell     | Entered the Vestibule of Hell
 68182 | Hell     | Noticed Geryon
 68234 | Hell     | Killed Geryon
 68288 | Hell     | Noticed Murray
 68320 | Hell     | Killed Murray
 68352 | Hell     | Found a gateway to the Iron City of Dis.
 68361 | Dis:1    | Entered Level 1 of the Iron City of Dis
 69450 | Dis:2    | Reached skill level 10 in Invocations
 69987 | Dis:2    | Lost mutation: You are weak. (Str -2) [potion of cure mutation]
 69987 | Dis:2    | Lost mutation: Your body is slowly deteriorating. [potion of cure mutation]
 69987 | Dis:2    | Lost mutation: Scrolls take you a little longer to read. [potion of cure mutation]
 69987 | Dis:2    | Lost mutation: You are robust (+10% HP). [potion of cure mutation]
 70136 | Dis:3    | Reached skill level 25 in Armour
 73749 | Dis:7    | Entered Level 7 of the Iron City of Dis
 75098 | Dis:7    | Got a translucent quicksilver dragon armour
 75116 | Dis:7    | Identified the cursed quicksilver dragon armour "Baempasa" {MR+ Str+4 Dex+6 Stlth+} (You took it off an iron imp on level 7 of the Iron City of Dis)
 75445 | Dis:7    | Got a transparent lajatang
 75446 | Dis:7    | Identified the +0 lajatang of Strategic Superiority {holy, rElec Str+6 Int+6} (You found it on level 7 of the Iron City of Dis)
 75609 | Dis:7    | Identified the Incunabulum of Good Luck
 75663 | Dis:7    | Noticed Dispater
 75697 | Dis:7    | Killed Dispater
 75785 | Dis:7    | Got an iron rune of Zot
 76059 | Hell     | Found a gateway to the ashen valley of Gehenna.
 76142 | Hell     | Found a gateway to the decaying netherworld of Tartarus.
 76211 | Hell     | Found a gateway to the freezing wastes of Cocytus.
 76467 | Geh:1    | Entered Level 1 of Gehenna
 79608 | Geh:3    | Reached skill level 10 in Charms
 82076 | Geh:6    | Reached skill level 15 in Axes
 82468 | Geh:7    | Entered Level 7 of Gehenna
 83742 | Geh:7    | Got a transparent mottled dragon armour
 83743 | Geh:7    | Identified the +0 mottled dragon armour "Iley" {Str+5 Dex+3} (You found it on level 7 of Gehenna)
 83748 | Geh:7    | Got a slimy glass ring
 83750 | Geh:7    | Identified the ring "Yssabiro" {Wiz rElec Dex+4} (You found it on level 7 of Gehenna)
 84048 | Geh:7    | Noticed Asmodeus
 84075 | Geh:7    | Killed Asmodeus
 84097 | Geh:7    | Got an obsidian rune of Zot
 84709 | Lair:1   | Learned a level 6 spell: Haste
 84716 | Lair:1   | Learned a level 6 spell: Deflect Missiles
 84988 | Depths:4 | Found Ucieckif's Antique Weapon Emporium.
 85130 | Depths:4 | Found Phatt's Armour Shoppe.
 85582 | Depths:4 | Found Hauf Erch's Gadget Shop.
 85589 | Depths:4 | Bought a stone of tremors for 840 gold pieces
 85723 | Depths:4 | Found a portal to a secret trove of treasure.
 85735 | Depths:4 | Found Diplonin's Magic Scroll Shoppe.
 85741 | Depths:4 | Bought a scroll of enchant armour for 120 gold pieces
 85741 | Depths:4 | Bought a scroll of teleportation for 48 gold pieces
 85858 | Depths:4 | Noticed Jory
 85891 | Depths:4 | Killed Jory
 86035 | Depths:4 | Found Zyskuro's Distillery.
 86042 | Depths:4 | Bought a potion of brilliance for 64 gold pieces
 86042 | Depths:4 | Bought 2 potions of brilliance for 128 gold pieces
 86042 | Depths:4 | Bought a potion of agility for 64 gold pieces
 86042 | Depths:4 | Bought a potion of berserk rage for 80 gold pieces
 86042 | Depths:4 | Bought a potion of agility for 64 gold pieces
 86042 | Depths:4 | Bought a potion of might for 64 gold pieces
 86042 | Depths:4 | Bought a potion of heal wounds for 80 gold pieces
 86192 | Depths:4 | Found a one-way gate to the infinite horrors of the Abyss.
 86231 | Depths:5 | Entered Level 5 of the Depths
 86461 | Depths:5 | Found a gate to the Realm of Zot.
 86479 | Depths:5 | Reached skill level 10 in Evocations
 87049 | Zot:1    | Entered Level 1 of the Realm of Zot
 87635 | Zot:1    | Noticed an orb of fire
 87636 | Zot:1    | Noticed an orb of fire
 88319 | Zot:1    | Killed an orb of fire
 88333 | Zot:1    | Killed an orb of fire
 88499 | Zot:1    | Reached skill level 15 in Evocations
 88985 | Depths:4 | You paid a toll of a +2 gold dragon armour to enter a treasure trove
 88986 | Trove    | Entered a treasure trove
 89015 | Trove    | Got a flickering zirconium amulet
 89018 | Trove    | Identified the amulet of False Pretenses {Inacc -Tele rElec rC+ Int+3 Stlth+} (You found it in a treasure trove)
 89030 | Trove    | Got a scintillating iron ring
 89032 | Trove    | Identified the ring "Stris" {+Inv rC++ Str+4 SInv Stlth+} (You found it in a treasure trove)
 89040 | Trove    | Got a heavily runed bronze ring
 89042 | Trove    | Identified the ring "Sminn" {SustAb rPois+ rN- Int-3 Dex+5 SInv} (You found it in a treasure trove)
 89057 | Trove    | Got a bloodstained helmet
 89068 | Trove    | Identified the +0 helmet of Threphy {rC- MR+ Dex+4 Stlth+} (You found it in a treasure trove)
 89091 | Trove    | Got a coiled copper ring
 89092 | Trove    | Identified the ring of the Four Curses {Str+9 Int+3 Dex+4 Slay+2} (You found it in a treasure trove)
 89199 | Trove    | Got a fine ring mail
 89210 | Trove    | Identified the cursed -4 ring mail of Xooroxudur {rF+ rC- MR++ Str+3 Dex-3} (You found it in a treasure trove)
 89816 | Tomb:1   | Entered Level 1 of the Tomb of the Ancients
 90078 | Tomb:1   | Noticed an ancient lich
 90093 | Tomb:1   | Killed an ancient lich
 90277 | Tomb:1   | Identified the Tome of Clay
 90391 | Tomb:1   | Noticed Frederick
 90406 | Tomb:1   | Killed Frederick
 92210 | Tomb:1   | Reached skill level 15 in Charms
 92390 | Tomb:3   | Entered Level 3 of the Tomb of the Ancients
 92414 | Tomb:3   | Noticed an ancient lich
 92452 | Tomb:2   | Killed an ancient lich
 92560 | Tomb:3   | Reached skill level 1 in Earth Magic
 92580 | Tomb:3   | Reached skill level 5 in Earth Magic
 92652 | Tomb:3   | Noticed an ancient lich
 92662 | Tomb:3   | Killed an ancient lich
 92875 | Tomb:3   | Got a smoking trident
 92876 | Tomb:3   | Identified the +5 trident "Thifez" {freeze, Noisy +Rage rF+ rC+} (You found it on level 3 of the Tomb of the Ancients)
 92886 | Tomb:3   | Got an encrusted war axe
 92887 | Tomb:3   | Identified the +1 war axe of Wiesucva {flame, rElec rPois+ rF+ Int+3} (You found it on level 3 of the Tomb of the Ancients)
 92934 | Tomb:3   | Reached skill level 10 in Earth Magic
 92951 | Tomb:3   | Got a golden rune of Zot
 94644 | Vaults:4 | Found Mnoleq's Gadget Emporium.
 94652 | Vaults:4 | Bought a phantom mirror for 630 gold pieces
 94652 | Vaults:4 | Bought a phantom mirror for 630 gold pieces
 94876 | Vaults:5 | Entered Level 5 of the Vaults
 94889 | Vaults:5 | Reached skill level 15 in Earth Magic
 94969 | Vaults:5 | Got a scintillating glass ring
 94971 | Vaults:5 | Identified the ring of Kliogyen {rF+ rC+ MP+9 Int+2 Slay+3 Stlth+} (You found it on level 5 of the Vaults)
 95193 | Vaults:5 | Noticed an ancient lich
 95208 | Vaults:5 | Killed an ancient lich
 95459 | Vaults:5 | Got a fine lapis lazuli ring
 95461 | Vaults:5 | Identified the cursed ring "Pryf" {Contam rC+ Dex-3 Slay+5} (You took it off a deep elf annihilator on level 5 of the Vaults)
 95601 | Vaults:5 | Got a pair of brightly glowing gloves
 95612 | Vaults:5 | Identified the cursed -4 pair of gloves of Terror {Int+2} (You found it on level 5 of the Vaults)
 95648 | Vaults:5 | Gained mutation: Your flesh is heat resistant. [potion of beneficial mutation]
 95731 | Vaults:5 | Cast into the Abyss (a deep elf sorcerer)
 96131 | Abyss:1  | Got a faintly humming plate armour
 96132 | Abyss:1  | Identified the cursed +0 plate armour of Too Many Cooks {+Fly rElec rPois+ rC+ rN-} (You found it on level 1 of the Abyss)
 96154 | Abyss:1  | Found a shimmering altar of Xom.
 96158 | Abyss:1  | Found a corrupted altar of Lugonu.
 96610 | Abyss:1  | Noticed an ancient lich
 96620 | Abyss:1  | Killed an ancient lich
 97085 | Vaults:5 | Escaped the Abyss
 97195 | Vaults:5 | Got a silver rune of Zot
 98399 | Vaults:1 | Bought a faintly humming plate armour for 1036 gold pieces
 98410 | Vaults:1 | Identified the +5 plate armour of Ashenzari's Delight {Int+2} (You bought it in a shop on level 1 of the Vaults)
 98848 | Shoals:2 | Bought a dazzling plate armour for 1036 gold pieces
 98849 | Shoals:2 | Identified the cursed -4 plate armour of Depression {Str+3 Int+4} (You bought it in a shop on level 2 of the Shoals)
 99059 | Snake:5  | Got a scorched plate armour
 99060 | Snake:5  | Identified the +0 plate armour "Miretsann" {rF+ rC- Dex+3 Slay+2} (You found it on level 5 of the Snake Pit)
 99306 | Shoals:4 | Got a heavily runed cloak {god gift}
 99317 | Shoals:4 | Identified the +0 cloak of Responsibility {rElec rF+ rN+ rCorr} (Okawaru gifted it to you on level 4 of the Shoals)
 99834 | Tar:1    | Entered Level 1 of Tartarus
 99903 | Tar:1    | Paralysed by a vampire knight for 5 turns
102474 | Tar:3    | Reached skill level 26 in Earth Magic
103301 | Tar:4    | Reached skill level 15 in Spellcasting
105756 | Tar:7    | Entered Level 7 of Tartarus
105913 | Tar:7    | Noticed the Serpent of Hell
105931 | Tar:7    | Killed the Serpent of Hell
106120 | Tar:7    | Noticed an ancient lich
106142 | Tar:7    | Killed an ancient lich
106455 | Tar:7    | Noticed Ereshkigal
106462 | Tar:7    | Paralysed by Ereshkigal for 2 turns
106490 | Tar:7    | Killed Ereshkigal
106534 | Tar:7    | Got a bone rune of Zot
106649 | Tar:7    | Got an ancient golden amulet
106651 | Tar:7    | Identified the amulet of Relativism {Gourm Str+6} (You found it on level 7 of Tartarus)
106657 | Tar:7    | Identified Uhodet's First Steps in Sorcery
106660 | Tar:7    | Got a flickering turquoise ring
106662 | Tar:7    | Identified the ring of Ewnati {SustAb rC- SInv} (You found it on level 7 of Tartarus)
106927 | Tar:7    | Got a vibrating diamond amulet
106929 | Tar:7    | Identified the amulet of Qajiny {+Blink +Rage rF+ Int-2} (You found it on level 7 of Tartarus)
107069 | Tar:7    | Identified Shosm's Grimoire of Talismans
107102 | Tar:7    | Identified the Collected Works on Flamy Confrontation
107303 | Tar:7    | Identified the Handbook of Earthen Transmigration
107430 | Hell     | Gained mutation: Potions and wands are less effective at restoring your health. [mutagenic glow]
107436 | Coc:1    | Entered Level 1 of Cocytus
108329 | Coc:1    | Reached skill level 27 in Armour
108362 | Coc:1    | Reached skill level 1 in Dodging
109417 | Coc:3    | Reached skill level 5 in Dodging
112040 | Coc:7    | Entered Level 7 of Cocytus
112171 | Coc:7    | Reached skill level 10 in Dodging
112239 | Coc:7    | Noticed Antaeus
112921 | Coc:7    | Killed Antaeus
112943 | Coc:7    | Got an icy rune of Zot
113484 | Coc:7    | Got a steaming flail
113485 | Coc:7    | Identified the +4 flail of the Grey Skies {speed, rElec rPois- Str-3 Dex+4} (You found it on level 7 of Cocytus)
113698 | Coc:7    | Got an ancient bone ring
113700 | Coc:7    | Identified the ring of Thrighaca {+/*Tele +Blink rElec rC+ Int-2} (You found it on level 7 of Cocytus)
116803 | Zot:5    | Entered Level 5 of the Realm of Zot
118181 | Lair:1   | Gained mutation: Your muscles are strong. (Str +2) [potion of beneficial mutation]
118448 | Pan      | Entered Pandemonium
118576 | Pan      | Noticed Zusill the pandemonium lord
118591 | Pan      | Killed Zusill the pandemonium lord
119067 | Pan      | Found an exit through the horrors of the Abyss.
119325 | Pan      | Reached skill level 1 in Necromancy
119601 | Pan      | Noticed Qiajecenna the pandemonium lord
119610 | Pan      | Killed Qiajecenna the pandemonium lord
119634 | Pan      | Reached skill level 5 in Necromancy
120162 | Pan      | Found an exit through the horrors of the Abyss.
120321 | Pan      | Identified Witchcraft Continued (You found it in Pandemonium)
120323 | Pan      | Found an exit through the horrors of the Abyss.
120580 | Pan      | Noticed Pny Qo Gumpi the pandemonium lord
120593 | Pan      | Killed Pny Qo Gumpi the pandemonium lord
120614 | Pan      | Reached skill level 27 in Earth Magic
120991 | Pan      | Reached skill level 15 in Dodging
121045 | Pan      | Found an exit through the horrors of the Abyss.
121092 | Pan      | Noticed Plyot the pandemonium lord
121102 | Pan      | Killed Plyot the pandemonium lord
121670 | Pan      | Entered the realm of Cerebov.
122146 | Pan      | Noticed Cerebov
122443 | Pan      | Found an exit through the horrors of the Abyss.
122450 | Pan      | Paralysed by accursed screaming for 1 turns
122626 | Pan      | Killed Cerebov
122710 | Pan      | Got a fiery rune of Zot
122719 | Pan      | Got a jewelled great sword
122720 | Pan      | Identified the +8 great sword of motku's Infinite Pain {slice, Str+4 Int+5} (You took it off a balrug in Pandemonium)
122783 | Pan      | Got a sapphire-studded scale mail
122785 | Pan      | Identified the +0 scale mail of Porycsu {rF+ Str+4} (You took it off a red devil in Pandemonium)
123127 | Pan      | Noticed Beuvvies the pandemonium lord
123142 | Pan      | Killed Beuvvies the pandemonium lord
123156 | Pan      | Found an exit through the horrors of the Abyss.
123227 | Pan      | Got a demonic rune of Zot
123387 | Pan      | Noticed Kycrugygh the pandemonium lord
123464 | Pan      | Killed Kycrugygh the pandemonium lord
123562 | Pan      | Found an exit through the horrors of the Abyss.
123788 | Pan      | Lost mutation: Potions and wands are less effective at restoring your health. [a cacodemon]
124177 | Pan      | Found a runed door.
124331 | Pan      | Found an exit through the horrors of the Abyss.
124457 | Pan      | Reached skill level 27 in Spellcasting
124735 | Pan      | Noticed Vounkul the pandemonium lord
124741 | Pan      | Killed Vounkul the pandemonium lord
124824 | Pan      | Noticed Gheonec the pandemonium lord
124829 | Pan      | Killed Gheonec the pandemonium lord
124887 | Pan      | Found an exit through the horrors of the Abyss.
125369 | Pan      | Found an exit through the horrors of the Abyss.
125441 | Pan      | Reached skill level 10 in Necromancy
126001 | Pan      | Noticed Plahek the pandemonium lord
126020 | Pan      | Killed Plahek the pandemonium lord
126057 | Pan      | Gained mutation: You have a pair of small horns on your head. [a neqoxec]
126251 | Pan      | Found an exit through the horrors of the Abyss.
126793 | Pan      | Found an exit through the horrors of the Abyss.
126905 | Pan      | Found a huge runed gate.
127219 | Pan      | Noticed Junodo Taud the pandemonium lord
127232 | Pan      | Killed Junodo Taud the pandemonium lord
127543 | Pan      | Got a polished whip
127545 | Pan      | Identified the +4 whip "Zaeqiumpy" {holy, rF+ Str+4 Stlth+} (You found it in Pandemonium)
127580 | Pan      | Found an exit through the horrors of the Abyss.
128106 | Pan      | Entered the realm of Mnoleg.
128109 | Pan      | Noticed Mnoleg
128128 | Pan      | Paralysed by a giant eyeball for 4 turns
128147 | Pan      | Killed Mnoleg
128164 | Pan      | Paralysed by a giant eyeball for 3 turns
128175 | Pan      | Paralysed by a giant eyeball for 2 turns
128281 | Pan      | Gained mutation: You heal slowly when monsters are visible. [a cacodemon]
128298 | Pan      | Gained mutation: You do not heal naturally when monsters are visible. [a cacodemon]
128381 | Pan      | Gained mutation: Your spells are a little easier to cast, but a little less powerful. [a cacodemon]
128413 | Pan      | Upgraded the game from 0.16-a0-3761-g2321f2b to 0.16-a0-3781-g2316936
128414 | Pan      | Lost mutation: You possess an exceptional clarity of mind. [potion of cure mutation]
128414 | Pan      | Lost mutation: Your spells are a little easier to cast, but a little less powerful. [potion of cure mutation]
128414 | Pan      | Lost mutation: Your muscles are strong. (Str +2) [potion of cure mutation]
128414 | Pan      | Lost mutation: You have a pair of small horns on your head. [potion of cure mutation]
128417 | Pan      | Found a gateway to a ziggurat.
128426 | Zig:1    | Entered Level 1 of a ziggurat
128441 | Zig:2    | Entered Level 2 of a ziggurat
128494 | Zig:3    | Entered Level 3 of a ziggurat
128531 | Zig:4    | Entered Level 4 of a ziggurat
128556 | Zig:4    | Identified the Guide on Hexes
128563 | Zig:5    | Entered Level 5 of a ziggurat
128621 | Zig:6    | Entered Level 6 of a ziggurat
128627 | Zig:6    | Noticed an ancient lich
128640 | Zig:6    | Killed an ancient lich
128679 | Zig:7    | Entered Level 7 of a ziggurat
128752 | Zig:8    | Entered Level 8 of a ziggurat
128791 | Zig:8    | Identified the Catalogue of Assistive Displacement
128795 | Zig:8    | Identified the Handbook of Transformation and Black Magic
128808 | Zig:9    | Entered Level 9 of a ziggurat
128888 | Zig:9    | Got an ichor-stained chain mail
128889 | Zig:9    | Identified the +2 chain mail "Phomost" {*Tele +Inv MR- Str+5} (You found it on level 9 of a ziggurat)
128895 | Zig:10   | Entered Level 10 of a ziggurat
128956 | Zig:10   | Identified the Compendium of Attacks and Contamination
128991 | Zig:11   | Entered Level 11 of a ziggurat
129066 | Zig:11   | Got a scorched plate armour
129067 | Zig:11   | Identified the +0 plate armour of Studes {rC- Int+4} (You found it on level 11 of a ziggurat)
129075 | Zig:11   | Got an ichor-stained scale mail
129076 | Zig:11   | Identified the +2 scale mail of the Rabble {Str-2 Int+4 Dex+3} (You found it on level 11 of a ziggurat)
129102 | Zig:12   | Entered Level 12 of a ziggurat
129233 | Zig:12   | Got a vibrating iron ring
129235 | Zig:12   | Identified the ring "Icostit" {+/*Tele rC++ Str+6 Dex+3 SInv} (You found it on level 12 of a ziggurat)
129274 | Zig:13   | Entered Level 13 of a ziggurat
129569 | Zig:14   | Entered Level 14 of a ziggurat
129711 | Zig:14   | Got a dazzling shield
129712 | Zig:14   | Identified the cursed -5 shield "Ydih" {rC+ MR+} (You found it on level 14 of a ziggurat)
129791 | Zig:15   | Entered Level 15 of a ziggurat
129871 | Zig:15   | Got a brightly glowing great mace
129872 | Zig:15   | Identified the +2 great mace of Sulphur {venom, rC+ SInv} (You found it on level 15 of a ziggurat)
129876 | Zig:15   | Got a fine broad axe
129877 | Zig:15   | Identified the +6 broad axe of Vanity {speed, +Rage rElec rC+ MR+ Str-2 SInv} (You found it on level 15 of a ziggurat)
129883 | Zig:15   | Got an ancient mace
129884 | Zig:15   | Identified the +9 mace of Calamity {flame, rElec rN+ Int+3 Stlth-} (You found it on level 15 of a ziggurat)
129995 | Zig:16   | Entered Level 16 of a ziggurat
130011 | Zig:16   | Noticed an ancient lich
130013 | Zig:16   | Noticed an ancient lich
130031 | Zig:16   | Killed an ancient lich
130048 | Zig:16   | Killed an ancient lich
130078 | Zig:16   | Got a heavily runed steel ring
130094 | Zig:16   | Identified the ring of Triuje {-Tele MP+9 Int+3 Dex+2} (You found it on level 16 of a ziggurat)
130177 | Zig:17   | Entered Level 17 of a ziggurat
130191 | Zig:17   | Noticed Viretiewn the pandemonium lord
130193 | Zig:17   | Noticed Joffoy the pandemonium lord
130196 | Zig:17   | Noticed Giovoog the pandemonium lord
130199 | Zig:17   | Noticed Twusunupsu the pandemonium lord
130207 | Zig:17   | Killed Viretiewn the pandemonium lord
130218 | Zig:17   | Killed Giovoog the pandemonium lord
130219 | Zig:17   | Killed Joffoy the pandemonium lord
130240 | Zig:17   | Killed Twusunupsu the pandemonium lord
130322 | Zig:17   | Identified the Disquisition on Necromancy and Calling
130336 | Zig:17   | Identified Iskenderun's Tome of Conjuration
130377 | Zig:18   | Entered Level 18 of a ziggurat
130394 | Zig:18   | Paralysed by you for 4 turns
130396 | Zig:18   | Noticed Ybbatt the pandemonium lord
130408 | Zig:18   | Noticed Wydghenu the pandemonium lord
130412 | Zig:18   | Noticed Vupes the pandemonium lord
130427 | Zig:18   | Killed Ybbatt the pandemonium lord
130431 | Zig:18   | Killed Wydghenu the pandemonium lord
130455 | Zig:18   | Killed Vupes the pandemonium lord
130493 | Zig:18   | Identified Sif Muna's Advanced Steps in Magic
130558 | Zig:18   | Got a scorched wooden ring
130559 | Zig:18   | Identified the ring "Pooroqa" {Wiz Int+4} (You found it on level 18 of a ziggurat)
130575 | Zig:18   | Got a shimmering large shield
130581 | Zig:18   | Identified the +12 large shield of Bitterness {rF- Str+4 Dex+3} (You found it on level 18 of a ziggurat)
130596 | Zig:18   | Got a coiled lapis lazuli ring
130597 | Zig:18   | Identified the ring of Velyx {+Inv +Fly rElec rC+ SInv} (You found it on level 18 of a ziggurat)
130732 | Zig:19   | Entered Level 19 of a ziggurat
130865 | Zig:19   | Gained mutation: You possess an exceptional clarity of mind. [potion of beneficial mutation]
130866 | Zig:19   | Gained mutation: You have a somewhat thin skeletal structure (Dex +2, Stealth). [potion of beneficial mutation]
130911 | Zig:19   | Got a translucent bronze amulet
130912 | Zig:19   | Identified the amulet "Dautetz" {Faith rElec MR+ Int+4} (You found it on level 19 of a ziggurat)
130945 | Zig:19   | Got an ancient scimitar
130946 | Zig:19   | Identified the +5 scimitar of Klyorrut {elec, Dex+3} (You found it on level 19 of a ziggurat)
130960 | Zig:20   | Entered Level 20 of a ziggurat
131033 | Zig:20   | Was placed under penance by the Shining One
131065 | Zig:20   | Was forgiven by the Shining One
131101 | Zig:20   | Got a faintly glowing crystal amulet
131102 | Zig:20   | Identified the amulet of the Six Wars {Stasis rPois+ Str+7 Int-5 Slay+4} (You found it on level 20 of a ziggurat)
131139 | Zig:20   | Identified Sif Muna's Papyrus of Unstable Summoning
131143 | Zig:20   | Identified Appimu Niph's Secret Knowledge for Dummies
131146 | Zig:20   | Identified the Incunabulum of Damaging Toxins
131165 | Zig:20   | Identified the Papyrus of Sinister Arts (You found it on level 20 of a ziggurat)
131330 | Zig:21   | Entered Level 21 of a ziggurat
131345 | Zig:21   | Noticed an orb of fire
131383 | Zig:21   | Noticed an orb of fire
131393 | Zig:21   | Noticed an orb of fire
131393 | Zig:21   | Killed an orb of fire
131397 | Zig:21   | Noticed an orb of fire
131401 | Zig:21   | Noticed an orb of fire
131409 | Zig:21   | Noticed an orb of fire
131410 | Zig:21   | Noticed an orb of fire
131419 | Zig:21   | Noticed an orb of fire
131424 | Zig:21   | Noticed an orb of fire
131425 | Zig:21   | Noticed an orb of fire
131459 | Zig:21   | Killed an orb of fire
131477 | Zig:21   | Killed an orb of fire
131480 | Zig:21   | Gained mutation: You tend to lose your temper in combat. [an orb of fire]
131481 | Zig:21   | Killed an orb of fire
131488 | Zig:21   | Killed an orb of fire
131521 | Zig:21   | Got a steaming steel ring
131522 | Zig:21   | Identified the ring "Yrhehirin" {SustAb rN++ Dex+2} (You found it on level 21 of a ziggurat)
131540 | Zig:21   | Gained mutation: Your magical capacity is low (-10% MP). [an orb of fire]
131550 | Zig:21   | Killed an orb of fire
131561 | Zig:21   | Killed an orb of fire
131578 | Zig:21   | Killed an orb of fire
131594 | Zig:21   | Got an ancient steel amulet
131595 | Zig:21   | Identified the amulet "Vejuz" {rMut rElec rN+ MR+ Int-3} (You found it on level 21 of a ziggurat)
131651 | Zig:21   | Killed an orb of fire
131743 | Zig:21   | Gained mutation: You expend magic power (3 MP) to slightly strengthen your wands. [an orb of fire]
131762 | Zig:21   | Killed an orb of fire
132153 | Zig:21   | Upgraded the game from 0.16-a0-3781-g2316936 to 0.16-a0-3803-gd4b2de5
132175 | Zig:22   | Entered Level 22 of a ziggurat
132625 | Zig:22   | Identified the Guide on Aid (You found it on level 22 of a ziggurat)
132702 | Zig:22   | Got an ancient cloak
132713 | Zig:22   | Identified the +1 cloak "Trott" {rN+ MP-9 Str+3 Int+3} (You found it on level 22 of a ziggurat)
132764 | Zig:23   | Entered Level 23 of a ziggurat
133104 | Zig:23   | Got a twitching tin ring
133106 | Zig:23   | Identified the ring "Enucuy" {rPois+ rC+ Str+4 Int+4 Stlth-} (You found it on level 23 of a ziggurat)
133153 | Zig:23   | Identified Sif Muna's Tome of Orientation
133178 | Zig:23   | Identified the Almanac of Attacks and the Blaze
133181 | Zig:23   | Got a faintly glowing flail
133182 | Zig:23   | Identified the +8 flail "Xosumivo" {freeze, MR- Str+8} (You found it on level 23 of a ziggurat)
133216 | Zig:24   | Entered Level 24 of a ziggurat
133443 | Zig:24   | Reached skill level 15 in Air Magic
133677 | Zig:24   | Identified the Incunabulum of the Warped Entourage
133681 | Zig:24   | Got a fine pewter amulet
133682 | Zig:24   | Identified the amulet of Contentment {Spirit rF+ rN+ MP+9} (You found it on level 24 of a ziggurat)
133835 | Zig:25   | Entered Level 25 of a ziggurat
134253 | Zig:25   | Got a silken robe
134254 | Zig:25   | Identified the cursed +0 robe "Priomif" {-Tele rElec Stlth+} (You found it on level 25 of a ziggurat)
134327 | Zig:26   | Entered Level 26 of a ziggurat
134714 | Zig:26   | Got a fine whip
134715 | Zig:26   | Identified the +9 whip "Bulinn" {flame, +Rage rElec rF+} (You found it on level 26 of a ziggurat)
134729 | Zig:26   | Got a coiled garnet amulet
134730 | Zig:26   | Identified the amulet "Zaent" {Gourm rF- rN++ Dex-5 Slay+3 SInv} (You found it on level 26 of a ziggurat)
134735 | Zig:26   | Identified Zoogruyf's Papyrus of Feathers
134747 | Zig:26   | Identified the Almanac of the Soldier
134759 | Zig:26   | Got a transparent chain mail
134760 | Zig:26   | Identified the +6 chain mail of the Game of Kings {+Blink Int+4 Dex+6} (You found it on level 26 of a ziggurat)
134793 | Zig:26   | Learned a level 9 spell: Tornado
134808 | Zig:27   | Entered Level 27 of a ziggurat
134904 | Zig:27   | Noticed an ancient lich
134913 | Zig:27   | Killed an ancient lich
134967 | Zig:27   | Noticed an ancient lich
134976 | Zig:27   | Killed an ancient lich
135081 | Zig:27   | Noticed an ancient lich
135091 | Zig:27   | Killed an ancient lich
135104 | Zig:27   | Noticed an ancient lich
135113 | Zig:27   | Killed an ancient lich
135198 | Zig:27   | Noticed an ancient lich
135207 | Zig:27   | Killed an ancient lich
135328 | Zig:27   | Got a heavily runed helmet
135329 | Zig:27   | Identified the +0 helmet of Xagaah {rC+} (You found it on level 27 of a ziggurat)
135332 | Zig:27   | Identified Iskenderun's Incunabulum of Damage Dealing and Fire
135364 | Zig:27   | Identified Ynauqate's Reference Book on Torrid Confrontation
135465 | Pan      | Found an exit through the horrors of the Abyss.
135802 | Pan      | Paralysed by a giant eyeball for 4 turns
135882 | Pan      | Gained mutation: Your magical capacity is very low (-20% MP). [a shining eye]
135898 | Pan      | Got a glowing rune of Zot
136192 | Pan      | Found an exit through the horrors of the Abyss.
136205 | Pan      | Noticed Desemmic the pandemonium lord
136220 | Pan      | Killed Desemmic the pandemonium lord
136910 | Pan      | Reached skill level 27 in Dodging
137336 | Pan      | Found an exit through the horrors of the Abyss.
137574 | Pan      | Noticed Stuafar the pandemonium lord
137595 | Pan      | Killed Stuafar the pandemonium lord
137853 | Pan      | Found an exit through the horrors of the Abyss.
138337 | Pan      | Noticed Stramn the pandemonium lord
138352 | Pan      | Killed Stramn the pandemonium lord
138640 | Pan      | Found an exit through the horrors of the Abyss.
138735 | Pan      | Noticed Ynihipn the pandemonium lord
138747 | Pan      | Killed Ynihipn the pandemonium lord
138781 | Pan      | Got a bound brass ring
138783 | Pan      | Identified the ring "Ligecaess" {-Cast rPois+ Stlth+} (You found it in Pandemonium)
139027 | Pan      | Noticed Kuzxiv Loikh the pandemonium lord
139039 | Pan      | Killed Kuzxiv Loikh the pandemonium lord
139410 | Pan      | Found an exit through the horrors of the Abyss.
139880 | Pan      | Found an exit through the horrors of the Abyss.
139940 | Pan      | Noticed Vowko the pandemonium lord
139954 | Pan      | Killed Vowko the pandemonium lord
140354 | Pan      | Found an exit through the horrors of the Abyss.
141073 | Pan      | Found a runed door.
141083 | Pan      | Found a runed door.
141099 | Pan      | Found a runed door.
141371 | Pan      | Found an exit through the horrors of the Abyss.
141433 | Pan      | Found a runed door.
141445 | Pan      | Noticed Voanaoho the pandemonium lord
141465 | Pan      | Killed Voanaoho the pandemonium lord
141505 | Depths:1 | Escaped Pandemonium
141889 | Pan      | Entered Pandemonium
142046 | Pan      | Found an exit through the horrors of the Abyss.
142228 | Pan      | Noticed Hudiled the pandemonium lord
142248 | Pan      | Killed Hudiled the pandemonium lord
142462 | Pan      | Found a gateway to a ziggurat.
142482 | Zig:1    | Entered Level 1 of a ziggurat
142508 | Zig:2    | Entered Level 2 of a ziggurat
142536 | Zig:3    | Entered Level 3 of a ziggurat
142558 | Zig:4    | Entered Level 4 of a ziggurat
142600 | Zig:5    | Entered Level 5 of a ziggurat
142624 | Zig:5    | Was placed under penance by the Shining One
143197 | Zig:6    | Entered Level 6 of a ziggurat
143240 | Zig:6    | Was forgiven by the Shining One
143284 | Zig:7    | Entered Level 7 of a ziggurat
143287 | Zig:7    | Noticed an ancient lich
143290 | Zig:7    | Noticed an ancient lich
143312 | Zig:7    | Killed an ancient lich
143313 | Zig:7    | Killed an ancient lich
143330 | Zig:7    | Got a transparent ruby amulet
143331 | Zig:7    | Identified the amulet "Ilieshrol" {+Rage rF+ Dex+2} (You found it on level 7 of a ziggurat)
143348 | Zig:8    | Entered Level 8 of a ziggurat
143402 | Zig:8    | Got a fine ivory ring
143403 | Zig:8    | Identified the ring "Avvuer" {rPois+ rF+ Dex+3 Stlth+} (You found it on level 8 of a ziggurat)
143443 | Zig:9    | Entered Level 9 of a ziggurat
143635 | Zig:9    | Identified the Compendium of Enchantment
143643 | Zig:9    | Learned a level 6 spell: Mass Confusion
143654 | Zig:10   | Entered Level 10 of a ziggurat
143691 | Zig:10   | Reached skill level 27 in Air Magic
143738 | Zig:10   | Got an encrusted plate armour
143739 | Zig:10   | Identified the +7 plate armour "Rorim" {Str+4} (You found it on level 10 of a ziggurat)
143812 | Zig:11   | Entered Level 11 of a ziggurat
143927 | Zig:11   | Got a flickering golden ring
143928 | Zig:11   | Identified the ring of the Devil's Advocate {+Inv rElec MP+9 Str-2 Int+3 Dex+4} (You found it on level 11 of a ziggurat)
143992 | Zig:12   | Entered Level 12 of a ziggurat
143992 | Zig:12   | Noticed Somebody's ghost (great NaWr)
144006 | Zig:12   | Killed Somebody's ghost
144076 | Zig:12   | Got a twisted broad axe
144077 | Zig:12   | Identified the +7 broad axe of Fragile Peace {flame, +Inv MR- Dex+2} (You found it on level 12 of a ziggurat)
144082 | Zig:12   | Got a vibrating jade amulet
144083 | Zig:12   | Identified the amulet of Grace {+Rage rPois+ rC- rN+ MP-9} (You found it on level 12 of a ziggurat)
144088 | Zig:12   | Identified Xepucec's Handbook of Fiery Attacks
144157 | Zig:13   | Entered Level 13 of a ziggurat
144316 | Zig:14   | Entered Level 14 of a ziggurat
144340 | Zig:14   | Was placed under penance by the Shining One
144365 | Zig:14   | Was forgiven by the Shining One
144473 | Zig:14   | Got a ring of the Octopus King
144475 | Zig:14   | Identified a ring of the Octopus King {rC+ AC+1 EV+1 Str+1 Int+1 Dex+1} (You found it on level 14 of a ziggurat)
144492 | Zig:14   | Got a steaming steel ring
144493 | Zig:14   | Identified the ring "Thoj Kimaena" {+Fly rPois- rF+ Str+3 Dex+2} (You found it on level 14 of a ziggurat)
144497 | Zig:14   | Got a warped marble ring
144498 | Zig:14   | Identified the ring of Pruum {+Inv rN+ AC+2 Slay+2} (You found it on level 14 of a ziggurat)
144513 | Zig:15   | Entered Level 15 of a ziggurat
144689 | Zig:15   | Got an ancient jade ring
144690 | Zig:15   | Identified the ring of Wyssauwio {rC+ Dex+6} (You found it on level 15 of a ziggurat)
144703 | Zig:15   | Identified the Collected Works on Necromancy
144708 | Zig:15   | Got a smelly storm dragon armour
144709 | Zig:15   | Identified the cursed -1 storm dragon armour of Misanthropy {rElec Dex-2 Slay+6} (You found it on level 15 of a ziggurat)
144727 | Zig:16   | Entered Level 16 of a ziggurat
144775 | Zig:16   | Reached skill level 27 in Fighting
144860 | Zig:16   | Identified the Reference Book on Boosts
144865 | Zig:16   | Got a twitching bronze amulet
144866 | Zig:16   | Identified the amulet of Riedileh {+Rage +Fly rF- Str+3 Dex-3} (You found it on level 16 of a ziggurat)
144897 | Zig:16   | Got a vibrating graven amulet
144898 | Zig:16   | Identified the amulet "Roiq" {Inacc rC- Str+2 Dex-5 SInv} (You found it on level 16 of a ziggurat)
144903 | Zig:16   | Got a scintillating emerald amulet
144904 | Zig:16   | Identified the amulet "Straewall" {Clar rElec rPois+ Str-2 Dex-5 Slay-2} (You found it on level 16 of a ziggurat)
144937 | Zig:17   | Entered Level 17 of a ziggurat
145396 | Zig:17   | Got an ancient mace
145397 | Zig:17   | Identified the +3 mace of Stickiness {freeze, -Cast Contam +Blink MR- Str+2 Dex+2 SInv} (You found it on level 17 of a ziggurat)
145405 | Zig:18   | Entered Level 18 of a ziggurat
145596 | Zig:18   | Identified the Handbook of Transmutation and Feathers
145624 | Zig:18   | Got a faintly glowing plate armour
145625 | Zig:18   | Identified the +10 plate armour of the Forsaken Deaths {rPois- rF+ Dex+4} (You found it on level 18 of a ziggurat)
145634 | Zig:18   | Got a polished hand axe
145635 | Zig:18   | Identified the cursed -2 hand axe of Disaster {chop, rN+ Str+2} (You found it on level 18 of a ziggurat)
145647 | Zig:19   | Entered Level 19 of a ziggurat
145880 | Zig:19   | Identified Sif Muna's Almanac of Feathers
145924 | Zig:19   | Identified the Grimoire of Creative Orientation
146066 | Pan      | Noticed Pniezxul the pandemonium lord
146082 | Pan      | Killed Pniezxul the pandemonium lord
146317 | Pan      | Found an exit through the horrors of the Abyss.
146619 | Pan      | Noticed Celyom the pandemonium lord
146628 | Pan      | Killed Celyom the pandemonium lord
146787 | Pan      | Found a gateway to a ziggurat.
146787 | Pan      | Noticed an ancient lich
146788 | Pan      | Noticed an ancient lich
146788 | Pan      | Noticed an ancient lich
146794 | Pan      | Killed an ancient lich
146795 | Pan      | Killed an ancient lich
146801 | Pan      | Killed an ancient lich
146846 | Zig:1    | Entered Level 1 of a ziggurat
146872 | Zig:2    | Entered Level 2 of a ziggurat
146896 | Zig:3    | Entered Level 3 of a ziggurat
146926 | Zig:4    | Entered Level 4 of a ziggurat
146985 | Zig:5    | Entered Level 5 of a ziggurat
147027 | Zig:6    | Entered Level 6 of a ziggurat
147084 | Zig:6    | Got a scorched garnet amulet
147101 | Zig:6    | Identified the amulet "Xocimuhe" {Spirit +Fly rC+ Str+2 Int+4 Dex-4} (You found it on level 6 of a ziggurat)
147108 | Zig:6    | Got a twitching amber ring
147109 | Zig:6    | Identified the ring "Woschu" {rPois+ rC+ rN+ MP+9 Dex+5} (You found it on level 6 of a ziggurat)
147162 | Zig:7    | Entered Level 7 of a ziggurat
147169 | Zig:7    | Noticed an ancient lich
147186 | Zig:7    | Killed an ancient lich
147220 | Zig:7    | Got a smoking bronze ring
147221 | Zig:7    | Identified the ring "Erphuev" {+cTele rElec rN+ Str+2} (You found it on level 7 of a ziggurat)
147227 | Zig:7    | Identified the Catalogue of Talismans
147259 | Zig:8    | Entered Level 8 of a ziggurat
147341 | Zig:8    | Got a warped morningstar
147342 | Zig:8    | Identified the +7 morningstar "Veimitz" {crush, rF+ Str+6} (You found it on level 8 of a ziggurat)
147348 | Zig:9    | Entered Level 9 of a ziggurat
147396 | Zig:9    | Identified Witchery, Part One
147406 | Zig:9    | Got a vibrating glass ring
147407 | Zig:9    | Identified the ring of Untruth {Ice rPois+ Int+3 Dex-3 Stlth+} (You found it on level 9 of a ziggurat)
147423 | Zig:10   | Entered Level 10 of a ziggurat
147423 | Zig:10   | Noticed catsarecewl's ghost (legendary FoFi)
147445 | Zig:10   | Killed catsarecewl's ghost
147464 | Zig:10   | Gained mutation: You are frail (-10% HP). [a shining eye]
147537 | Zig:10   | Gained mutation: You often lose your temper in combat. [a shining eye]
147554 | Zig:10   | Reached skill level 27 in Shields
147583 | Zig:10   | Got a brightly glowing brass ring
147584 | Zig:10   | Identified the ring of Fafyun {Ice Str+4 Dex+4} (You found it on level 10 of a ziggurat)
147604 | Zig:10   | Got an ichor-stained mace
147605 | Zig:10   | Identified the +10 mace "Aqadio" {crush, rC- rN+} (You found it on level 10 of a ziggurat)
147727 | Zig:11   | Entered Level 11 of a ziggurat
147874 | Zig:11   | Identified Cigotuvi's Guide on Transmutation
148026 | Zig:12   | Entered Level 12 of a ziggurat
148039 | Zig:12   | Noticed Qiocrisye the pandemonium lord
148050 | Zig:12   | Noticed Osyuq the pandemonium lord
148056 | Zig:12   | Killed Qiocrisye the pandemonium lord
148072 | Zig:12   | Killed Osyuq the pandemonium lord
148098 | Zig:12   | Identified the Catalogue of Enhancements and Weightlessness
148194 | Zig:13   | Entered Level 13 of a ziggurat
148214 | Zig:13   | Reached skill level 15 in Necromancy
148294 | Zig:13   | Got a heavily runed silver ring
148295 | Zig:13   | Identified the ring of Zunin {+Fly Str+3} (You found it on level 13 of a ziggurat)
148317 | Zig:13   | Identified the Papyrus of Supportive Talismans (You found it on level 13 of a ziggurat)
148330 | Zig:13   | Got a sparkling lead ring
148331 | Zig:13   | Identified the ring "Croisk" {rPois- rC+ rN+ Dex+5} (You found it on level 13 of a ziggurat)
148341 | Zig:13   | Identified the Incunabulum of Creation
148424 | Zig:14   | Entered Level 14 of a ziggurat
148433 | Zig:14   | Noticed an ancient lich
148434 | Zig:14   | Noticed an ancient lich
148449 | Zig:14   | Noticed an ancient lich
148449 | Zig:14   | Killed an ancient lich
148458 | Zig:14   | Killed an ancient lich
148465 | Zig:14   | Killed an ancient lich
148689 | Zig:15   | Entered Level 15 of a ziggurat
148787 | Zig:15   | Got an encrusted morningstar
148789 | Zig:15   | Identified the cursed -2 morningstar of the Skies Above {crush, rPois+} (You found it on level 15 of a ziggurat)
148807 | Zig:15   | Identified Easy Thaumaturgy
149112 | Zig:16   | Entered Level 16 of a ziggurat
149458 | Zig:17   | Entered Level 17 of a ziggurat
149630 | Zig:18   | Entered Level 18 of a ziggurat
149635 | Zig:18   | Lost mutation: Your flesh is heat resistant. [potion of cure mutation]
149635 | Zig:18   | Lost mutation: You are frail (-10% HP). [potion of cure mutation]
149635 | Zig:18   | Lost mutation: You expend magic power (3 MP) to slightly strengthen your wands. [potion of cure mutation]
149636 | Zig:18   | Lost mutation: You often lose your temper in combat. [potion of cure mutation]
149636 | Zig:18   | Lost mutation: Your magical capacity is very low (-20% MP). [potion of cure mutation]
149636 | Zig:18   | Lost mutation: You possess an exceptional clarity of mind. [potion of cure mutation]
149636 | Zig:18   | Lost mutation: You do not heal naturally when monsters are visible. [potion of cure mutation]
149636 | Zig:18   | Lost mutation: Your magical capacity is low (-10% MP). [potion of cure mutation]
149637 | Zig:18   | Lost mutation: You heal slowly when monsters are visible. [potion of cure mutation]
149637 | Zig:18   | Lost mutation: You tend to lose your temper in combat. [potion of cure mutation]
149685 | Zig:18   | Noticed an ancient lich
149709 | Zig:18   | Killed an ancient lich
149711 | Zig:18   | Noticed an ancient lich
149731 | Zig:18   | Killed an ancient lich
149846 | Zig:18   | Identified the Reference Book on Conjuration
149850 | Zig:18   | Identified the Almanac of Poisonous Sinister Arts
149853 | Zig:18   | Got a crude bronze ring
149854 | Zig:18   | Identified the ring "Jerueso" {-Cast rN+ MP-9 AC+1 Dex+4} (You found it on level 18 of a ziggurat)
149978 | Zig:19   | Entered Level 19 of a ziggurat
150385 | Zig:20   | Entered Level 20 of a ziggurat
150487 | Zig:20   | Got a faintly glowing war axe
150492 | Pan      | Identified the +5 war axe "Enkoivui" {drain, Noisy rF+ rN+ Str-2 Int-5 Dex+3 Stlth+} (You found it on level 20 of a ziggurat)
150494 | Pan      | Upgraded the game from 0.16-a0-3803-gd4b2de5 to 0.16-a0-3807-g3748f16
150556 | Pan      | Found an exit through the horrors of the Abyss.
151052 | Pan      | Noticed Cufukhal the pandemonium lord
151060 | Pan      | Killed Cufukhal the pandemonium lord
151087 | Pan      | Identified Sif Muna's Compendium of Feathers
151286 | Pan      | Found an exit through the horrors of the Abyss.
151954 | Pan      | Noticed Ziuthrix the pandemonium lord
151966 | Pan      | Killed Ziuthrix the pandemonium lord
152025 | Pan      | Found an exit through the horrors of the Abyss.
152335 | Depths:1 | Escaped Pandemonium
152620 | Temple   | Fell from the grace of the Shining One
152620 | Temple   | Became a worshipper of Makhleb the Destroyer
152783 | Lair:1   | Gained mutation: You are agile. (Dex +2) [potion of beneficial mutation]
152784 | Lair:1   | Gained mutation: You have very sharp teeth. [potion of beneficial mutation]
152785 | Lair:1   | Gained mutation: You can translocate small distances at will. [potion of beneficial mutation]
152963 | Pan      | Entered Pandemonium
153163 | Pan      | Acquired Makhleb's first power
153262 | Pan      | Noticed Reifor the pandemonium lord
153283 | Pan      | Killed Reifor the pandemonium lord
153355 | Pan      | Found an exit through the horrors of the Abyss.
153659 | Pan      | Acquired Makhleb's second power
153785 | Depths:1 | Escaped Pandemonium
153999 | Lair:1   | Learned a level 8 spell: Borgnjor's Revivification
154008 | Lair:1   | Learned a level 8 spell: Death's Door
154019 | Lair:1   | Learned a level 8 spell: Necromutation
154229 | Pan      | Entered Pandemonium
154238 | Pan      | Reached skill level 1 in Transmutations
154384 | Pan      | Noticed Thampufyth the pandemonium lord
154389 | Pan      | Paralysed by a giant eyeball for 2 turns
154426 | Pan      | Killed Thampufyth the pandemonium lord
154549 | Pan      | Found an exit through the horrors of the Abyss.
154616 | Pan      | Acquired Makhleb's third power
155121 | Pan      | Entered the realm of Lom Lobon.
155141 | Pan      | Reached skill level 5 in Transmutations
155401 | Pan      | Acquired Makhleb's fourth power
155423 | Pan      | Found an exit through the horrors of the Abyss.
155762 | Pan      | Noticed Lom Lobon
155801 | Pan      | Killed Lom Lobon
155854 | Pan      | Got a magical rune of Zot
156108 | Pan      | Acquired Makhleb's fifth power
156124 | Pan      | Entered the realm of Gloorx Vloq.
156303 | Pan      | Noticed Gloorx Vloq
156327 | Pan      | Killed Gloorx Vloq
156396 | Pan      | Got a dark rune of Zot
156845 | Pan      | Reached skill level 10 in Transmutations
156925 | Pan      | Found an exit through the horrors of the Abyss.
157303 | Pan      | Found an exit through the horrors of the Abyss.
157363 | Pan      | Noticed Vuaw the pandemonium lord
157393 | Pan      | Killed Vuaw the pandemonium lord
158011 | Pan      | Noticed Umoso the pandemonium lord
158023 | Pan      | Killed Umoso the pandemonium lord
158089 | Pan      | Found an exit through the horrors of the Abyss.
158311 | Pan      | Gained mutation: You tend to lose your temper in combat. [a cacodemon]
158575 | Pan      | Noticed Joshuote the pandemonium lord
158590 | Pan      | Killed Joshuote the pandemonium lord
158943 | Pan      | Found an exit through the horrors of the Abyss.
159059 | Pan      | Was forgiven by the Shining One
159319 | Pan      | Noticed Maymesch the pandemonium lord
159331 | Pan      | Killed Maymesch the pandemonium lord
159535 | Pan      | Found an exit through the horrors of the Abyss.
160102 | Pan      | Found an exit through the horrors of the Abyss.
160105 | Pan      | Noticed Ophuroot the pandemonium lord
160120 | Pan      | Killed Ophuroot the pandemonium lord
160159 | Pan      | Reached skill level 27 in Necromancy
160299 | Pan      | Found an exit through the horrors of the Abyss.
160647 | Pan      | Gained mutation: You evolve. [a neqoxec]
160753 | Pan      | Noticed Cros the pandemonium lord
160769 | Pan      | Killed Cros the pandemonium lord
160833 | Pan      | Noticed Ecath the pandemonium lord
160849 | Pan      | Killed Ecath the pandemonium lord
160851 | Pan      | Reached skill level 15 in Hexes
160980 | Pan      | Found an exit through the horrors of the Abyss.
161202 | Depths:1 | Escaped Pandemonium
161408 | Lair:1   | Learned a level 8 spell: Discord
161586 | Pan      | Entered Pandemonium
161635 | Pan      | Found an exit through the horrors of the Abyss.
161993 | Pan      | Noticed Duiluani the pandemonium lord
162007 | Pan      | Killed Duiluani the pandemonium lord
162899 | Pan      | Found an exit through the horrors of the Abyss.
162987 | Pan      | Noticed Konum the pandemonium lord
163004 | Pan      | Killed Konum the pandemonium lord
163273 | Pan      | Found an exit through the horrors of the Abyss.
163356 | Pan      | Noticed Ignacio
163386 | Pan      | Killed Ignacio
163452 | Pan      | Noticed Noneosuy the pandemonium lord
163470 | Pan      | Killed Noneosuy the pandemonium lord
164061 | Pan      | Noticed Asitiz the pandemonium lord
164074 | Pan      | Killed Asitiz the pandemonium lord
164554 | Pan      | Found an exit through the horrors of the Abyss.
165055 | Depths:1 | Escaped Pandemonium
165827 | Pan      | Entered Pandemonium
165866 | Pan      | Found a glowing silver altar of Zin.
166304 | Pan      | Found a white marble altar of Elyvilon.
167029 | Pan      | Found a glowing golden altar of the Shining One.
167030 | Pan      | Noticed a seraph
167040 | Pan      | Killed a seraph
167704 | Pan      | Noticed Khoblat the pandemonium lord
167715 | Pan      | Killed Khoblat the pandemonium lord
167906 | Pan      | Found an exit through the horrors of the Abyss.
168667 | Pan      | Noticed Ynimoig the pandemonium lord
168678 | Pan      | Killed Ynimoig the pandemonium lord
168728 | Pan      | Found an exit through the horrors of the Abyss.
168777 | Pan      | Found a runed door.
168784 | Pan      | Found a runed door.
168840 | Pan      | Found a runed door.
168868 | Pan      | Found an exit through the horrors of the Abyss.
168956 | Pan      | Noticed Shomej the pandemonium lord
168966 | Pan      | Killed Shomej the pandemonium lord
169072 | Pan      | Found an exit through the horrors of the Abyss.
169155 | Pan      | Gained mutation: You expend magic power (3 MP) to slightly strengthen your wands. [a neqoxec]
169161 | Pan      | Noticed Smeof the pandemonium lord
169176 | Pan      | Killed Smeof the pandemonium lord
169405 | Pan      | Gained mutation: Your magical capacity is low (-10% MP). [a neqoxec]
169464 | Pan      | Noticed Tarquin's ghost (legendary VSBe)
169487 | Pan      | Killed Tarquin's ghost
169676 | Pan      | Gained mutation: Space occasionally distorts in your vicinity. [a cacodemon]
169852 | Pan      | Noticed Cadat the pandemonium lord
169871 | Pan      | Killed Cadat the pandemonium lord
170108 | Pan      | Found an exit through the horrors of the Abyss.
170456 | Pan      | Found an exit through the horrors of the Abyss.
170566 | Pan      | Noticed Lekeah the pandemonium lord
170577 | Pan      | Killed Lekeah the pandemonium lord
170899 | Pan      | Lost mutation: You expend magic power (3 MP) to slightly strengthen your wands. [potion of cure mutation]
170899 | Pan      | Lost mutation: Space occasionally distorts in your vicinity. [potion of cure mutation]
170899 | Pan      | Lost mutation: You can translocate small distances at will. [potion of cure mutation]
171010 | Pan      | Lost mutation: You are agile. (Dex +2) [potion of cure mutation]
171010 | Pan      | Lost mutation: You tend to lose your temper in combat. [potion of cure mutation]
171010 | Pan      | Lost mutation: You have a somewhat thin skeletal structure (Dex +2, Stealth). [potion of cure mutation]
171010 | Pan      | Lost mutation: Your magical capacity is low (-10% MP). [potion of cure mutation]
171010 | Pan      | Lost mutation: You evolve. [potion of cure mutation]
171314 | Pan      | Got a wavering graven amulet
171462 | Pan      | Found a huge runed gate.
171546 | Pan      | Found an exit through the horrors of the Abyss.
171874 | Pan      | Noticed Ytodusy the pandemonium lord
171902 | Pan      | Killed Ytodusy the pandemonium lord
171929 | Pan      | Found an exit through the horrors of the Abyss.
171983 | Pan      | Noticed Rinkepots the pandemonium lord
171999 | Pan      | Killed Rinkepots the pandemonium lord
172168 | Pan      | Noticed Lotaid the pandemonium lord
172186 | Pan      | Killed Lotaid the pandemonium lord
172186 | Pan      | Reached skill level 27 in Hexes
172343 | Pan      | Noticed Stroxak the pandemonium lord
172423 | Pan      | Killed Stroxak the pandemonium lord
172467 | Pan      | Noticed Tighoat the pandemonium lord
172488 | Pan      | Killed Tighoat the pandemonium lord
172607 | Pan      | Gained mutation: You are clumsy. (Dex -2) [a neqoxec]
172612 | Pan      | Gained mutation: You are weak. (Str -2) [a neqoxec]
172685 | Pan      | Found a runed door.
172688 | Pan      | Found a runed door.
172700 | Pan      | Found a runed door.
172709 | Pan      | Found an exit through the horrors of the Abyss.
172758 | Pan      | Found an exit through the horrors of the Abyss.
172799 | Pan      | Noticed Juaram the pandemonium lord
172814 | Pan      | Killed Juaram the pandemonium lord
172941 | Pan      | Found a gateway to a ziggurat.
172990 | Pan      | Lost mutation: You are weak. (Str -2) [potion of cure mutation]
172990 | Pan      | Lost mutation: You are clumsy. (Dex -2) [potion of cure mutation]
172995 | Zig:1    | Entered Level 1 of a ziggurat
173020 | Zig:2    | Entered Level 2 of a ziggurat
173053 | Zig:2    | Identified the amulet "Qiotzer" {rCorr Stlth+} (You took it off a balrug in Pandemonium)
173059 | Zig:2    | Got a faintly glowing glass ring
173060 | Zig:2    | Identified the ring "Usuoptat" {MR+ MP+9} (You found it on level 2 of a ziggurat)
173064 | Zig:3    | Entered Level 3 of a ziggurat
173099 | Zig:4    | Entered Level 4 of a ziggurat
173135 | Zig:5    | Entered Level 5 of a ziggurat
173179 | Zig:5    | Identified Klyhel's Catalogue of Freezing Blows and Bruises
173186 | Zig:6    | Entered Level 6 of a ziggurat
173190 | Zig:6    | Noticed Cliad the pandemonium lord
173200 | Zig:6    | Killed Cliad the pandemonium lord
173235 | Zig:6    | Got a scorched plate armour
173236 | Zig:6    | Identified the +3 plate armour "Kanweg" {rN+ MP+9} (You acquired it on level 6 of a ziggurat)
173242 | Zig:6    | Got a fine war axe
173243 | Zig:6    | Identified the +10 war axe "Ihapsogg" {drain, rN++ MR+ Str+6 Int-4} (You found it on level 6 of a ziggurat)
173407 | Zig:7    | Entered Level 7 of a ziggurat
173420 | Zig:7    | Reached skill level 15 in Transmutations
173532 | Zig:8    | Entered Level 8 of a ziggurat
173602 | Zig:9    | Entered Level 9 of a ziggurat
173672 | Zig:10   | Entered Level 10 of a ziggurat
173840 | Zig:10   | Got a jade-encrusted chain mail
173841 | Zig:10   | Identified the +5 chain mail "Qugyux" {rElec rF+ rCorr MP+9 Int-5 Dex-5} (You found it on level 10 of a ziggurat)
173846 | Zig:10   | Got a pitted tin amulet
173847 | Zig:10   | Identified the amulet of Razy {+Fly Regen+ SInv} (You found it on level 10 of a ziggurat)
173956 | Zig:11   | Entered Level 11 of a ziggurat
174022 | Zig:11   | Identified the Collected Works on Bewitchment and Ice
174053 | Zig:12   | Entered Level 12 of a ziggurat
174120 | Zig:12   | Got a brightly glowing ivory ring
174121 | Zig:12   | Identified the ring "Troiwyam" {-Tele rF++ MR+ Str+2} (You found it on level 12 of a ziggurat)
174256 | Zig:13   | Entered Level 13 of a ziggurat
174308 | Zig:13   | Got a brightly glowing tin ring
174309 | Zig:13   | Identified the ring of the Firefly {rPois+ rF+ rN+ Int+5 Dex+3} (You found it on level 13 of a ziggurat)
174315 | Zig:13   | Got a translucent silver amulet
174316 | Zig:13   | Identified the amulet "Prupt" {Spirit Str-5 Dex+5 Stlth+} (You found it on level 13 of a ziggurat)
174319 | Zig:13   | Got a smoking lapis lazuli ring
174320 | Zig:13   | Identified the ring "Qumpur" {rElec rF+ rC+ Str+3 Dex-3 Stlth+} (You found it on level 13 of a ziggurat)
174323 | Zig:13   | Got a twitching turquoise ring
174324 | Zig:13   | Identified the ring "Fosh" {rPois+ rF- MP+9 Str+2 Dex+3} (You found it on level 13 of a ziggurat)
174409 | Zig:14   | Entered Level 14 of a ziggurat
174491 | Zig:15   | Entered Level 15 of a ziggurat
174507 | Zig:15   | Noticed an ancient lich
174508 | Zig:15   | Noticed an ancient lich
174511 | Zig:15   | Noticed an ancient lich
174519 | Zig:15   | Killed an ancient lich
174521 | Zig:15   | Killed an ancient lich
174526 | Zig:15   | Killed an ancient lich
174529 | Zig:15   | Noticed an ancient lich
174547 | Zig:15   | Killed an ancient lich
174585 | Zig:15   | Got an ancient copper amulet
174586 | Zig:15   | Identified the amulet "Olithrici" {+Rage MR+ SInv} (You found it on level 15 of a ziggurat)
174592 | Zig:15   | Got a pitted bronze ring
174593 | Zig:15   | Identified the cursed ring of Xom's Ringing Laughter {AC-2 Int+4 SInv} (You found it on level 15 of a ziggurat)
174629 | Zig:16   | Entered Level 16 of a ziggurat
174711 | Zig:16   | Got a spiked cloak
174712 | Zig:16   | Identified the +4 cloak of Too Many Cooks {rF+ rC+ Regen+ Int+4 Slay-5} (You found it on level 16 of a ziggurat)
174762 | Zig:16   | Got a pitted platinum ring
174763 | Zig:16   | Identified the ring "Uzorghame" {+Inv rPois+ rC- MR+ Str-3 Dex-2 Slay+2 SInv Stlth+} (You found it on level 16 of a ziggurat)
174867 | Zig:17   | Entered Level 17 of a ziggurat
174887 | Zig:17   | Noticed an ancient lich
174889 | Zig:17   | Noticed an ancient lich
174898 | Zig:17   | Noticed an ancient lich
174899 | Zig:17   | Killed an ancient lich
174910 | Zig:17   | Killed an ancient lich
174910 | Zig:17   | Killed an ancient lich
174996 | Zig:18   | Entered Level 18 of a ziggurat
175012 | Zig:18   | Noticed an ancient lich
175017 | Zig:18   | Noticed an ancient lich
175021 | Zig:18   | Noticed an ancient lich
175022 | Zig:18   | Killed an ancient lich
175025 | Zig:18   | Killed an ancient lich
175036 | Zig:18   | Killed an ancient lich
175070 | Zig:18   | Got a wavering brass ring
175073 | Zig:18   | Identified the ring of Schaced {rC+ Int+3 Dex+3 SInv} (You found it on level 18 of a ziggurat)
175079 | Zig:18   | Got a heavily runed pewter amulet
175080 | Zig:18   | Identified the amulet "Fero" {rMut rC+ Dex-2} (You found it on level 18 of a ziggurat)
175093 | Zig:18   | Got a scintillating tin ring
175094 | Zig:18   | Identified the ring of Khepteir {rC+ Int+3} (You found it on level 18 of a ziggurat)
175153 | Zig:19   | Entered Level 19 of a ziggurat
175238 | Zig:19   | Got a heavily runed marble ring
175239 | Zig:19   | Identified the ring of Witot {Ice rPois+ Str-3 Dex+2} (You found it on level 19 of a ziggurat)
175312 | Zig:20   | Entered Level 20 of a ziggurat
175396 | Zig:20   | Identified the Tome of Enhancements
175408 | Zig:20   | Got a vibrating amber ring
175409 | Zig:20   | Identified the ring of Xoomor {Fire Str+2 Int+3} (You found it on level 20 of a ziggurat)
175424 | Zig:21   | Entered Level 21 of a ziggurat
175506 | Zig:21   | Reached skill level 27 in Evocations
175570 | Zig:21   | Got a brightly glowing war axe
175571 | Zig:21   | Identified the +6 war axe "Cookie Cutter" {chop, rElec MR++ Str+3 Dex-3 Stlth-} (You found it on level 21 of a ziggurat)
175580 | Zig:21   | Got a slimy chain mail
175581 | Zig:21   | Identified the cursed -5 chain mail of the Shoals {rC++ Stlth+} (You found it on level 21 of a ziggurat)
175594 | Zig:21   | Got a heavily runed turquoise ring
175595 | Zig:21   | Identified the ring of Plog {rPois+ Int+2 Dex+5} (You found it on level 21 of a ziggurat)
175643 | Zig:22   | Entered Level 22 of a ziggurat
175732 | Zig:22   | Got a steaming ivory ring
175735 | Zig:22   | Got a shimmering steel amulet
175736 | Zig:22   | Identified the amulet of Gryig {+Rage Str-4 Int+4 Dex+2 Slay+4} (You found it on level 22 of a ziggurat)
175737 | Zig:22   | Identified the ring of Chenor {Ice Str-2 Dex+4 Stlth+} (You found it on level 22 of a ziggurat)
175814 | Zig:23   | Entered Level 23 of a ziggurat
175827 | Zig:23   | Noticed Laerr the pandemonium lord
175827 | Zig:23   | Noticed Jiuteseo the pandemonium lord
175827 | Zig:23   | Noticed Wihihugi the pandemonium lord
175836 | Zig:23   | Noticed Kang the pandemonium lord
175842 | Zig:23   | Noticed Vivvum the pandemonium lord
175851 | Zig:23   | Killed Laerr the pandemonium lord
175851 | Zig:23   | Reached skill level 5 in Stealth
175858 | Zig:23   | Killed Wihihugi the pandemonium lord
175861 | Zig:23   | Killed Jiuteseo the pandemonium lord
175861 | Zig:23   | Reached skill level 10 in Stealth
175863 | Zig:23   | Killed Vivvum the pandemonium lord
175874 | Zig:23   | Killed Kang the pandemonium lord
175883 | Zig:23   | Noticed Grenumik the pandemonium lord
175892 | Zig:23   | Noticed Zoneehuo the pandemonium lord
175894 | Zig:23   | Killed Grenumik the pandemonium lord
175895 | Zig:23   | Noticed Qovour the pandemonium lord
175898 | Zig:23   | Noticed Kliske Xung the pandemonium lord
175898 | Zig:23   | Noticed Olowneb the pandemonium lord
175900 | Zig:23   | Noticed Zicig the pandemonium lord
175906 | Zig:23   | Noticed Blell the pandemonium lord
175906 | Zig:23   | Killed Qovour the pandemonium lord
175907 | Zig:23   | Noticed Hyoluj the pandemonium lord
175907 | Zig:23   | Noticed Woatz the pandemonium lord
175908 | Zig:23   | Noticed Jem Fuekk the pandemonium lord
175908 | Zig:23   | Noticed Gerghusur the pandemonium lord
175909 | Zig:23   | Noticed Guleopte the pandemonium lord
175911 | Zig:23   | Killed Olowneb the pandemonium lord
175911 | Zig:23   | Reached skill level 15 in Stealth
175911 | Zig:23   | Killed Zoneehuo the pandemonium lord
175914 | Zig:23   | Killed Kliske Xung the pandemonium lord
175915 | Zig:23   | Killed Zicig the pandemonium lord
175919 | Zig:23   | Noticed Gijadugg the pandemonium lord
175920 | Zig:23   | Killed Woatz the pandemonium lord
175924 | Zig:23   | Killed Hyoluj the pandemonium lord
175928 | Zig:23   | Killed Blell the pandemonium lord
175933 | Zig:23   | Killed Guleopte the pandemonium lord
175936 | Zig:23   | Killed Gijadugg the pandemonium lord
175937 | Zig:23   | Killed Gerghusur the pandemonium lord
175937 | Zig:23   | Killed Jem Fuekk the pandemonium lord
175949 | Zig:23   | Noticed Thyxkine the pandemonium lord
175955 | Zig:23   | Noticed Ymois the pandemonium lord
175955 | Zig:23   | Noticed Elukir the pandemonium lord
175963 | Zig:23   | Killed Ymois the pandemonium lord
175964 | Zig:23   | Noticed Rarefeit the pandemonium lord
175967 | Zig:23   | Killed Elukir the pandemonium lord
175983 | Zig:23   | Killed Rarefeit the pandemonium lord
175990 | Zig:23   | Killed Thyxkine the pandemonium lord
176011 | Zig:23   | Noticed Pnyt the pandemonium lord
176025 | Zig:23   | Killed Pnyt the pandemonium lord
176029 | Zig:23   | Paralysed by you for 4 turns
176038 | Zig:23   | Noticed Zozol the pandemonium lord
176043 | Zig:23   | Gained mutation: You are dopey. (Int -2) [mutagenic glow]
176058 | Zig:23   | Killed Zozol the pandemonium lord
176139 | Zig:23   | Lost mutation: You are dopey. (Int -2) [potion of cure mutation]
176139 | Zig:23   | Lost mutation: You have very sharp teeth. [potion of cure mutation]
176140 | Zig:23   | Gained mutation: Armour fits poorly on your strangely shaped body. [mutagenic meat]
176141 | Zig:23   | Gained mutation: You can translocate small distances at will. [mutagenic meat]
176143 | Zig:23   | Lost mutation: Armour fits poorly on your strangely shaped body. [potion of cure mutation]
176143 | Zig:23   | Lost mutation: You can translocate small distances at will. [potion of cure mutation]
176144 | Zig:23   | Gained mutation: Your body is slowly deteriorating. [mutagenic meat]
176145 | Zig:23   | Gained mutation: You have large cloven feet. [mutagenic meat]
176146 | Zig:23   | Lost mutation: Your body is slowly deteriorating. [potion of cure mutation]
176146 | Zig:23   | Lost mutation: You have large cloven feet. [potion of cure mutation]
176147 | Zig:23   | Gained mutation: You are resistant to hostile enchantments. [mutagenic meat]
176161 | Zig:23   | Gained mutation: You are surrounded by a mild repulsion field (EV +2). [potion of beneficial mutation]
176163 | Zig:23   | Identified the Compendium of the Creative Glacier
176174 | Zig:23   | Identified the Catalogue of the Glacier
176201 | Zig:24   | Entered Level 24 of a ziggurat
176282 | Zig:24   | Paralysed by accursed screaming for 2 turns
176345 | Zig:24   | Paralysed by accursed screaming for 1 turns
176364 | Zig:24   | Paralysed by accursed screaming for 2 turns
176376 | Zig:24   | Paralysed by accursed screaming for 2 turns
176613 | Zig:25   | Entered Level 25 of a ziggurat
176972 | Zig:25   | Got a twitching bronze ring
176973 | Zig:25   | Identified the ring "Ronnais" {Str+6 SInv} (You found it on level 25 of a ziggurat)
176988 | Zig:25   | Gained mutation: Your mind is acute. (Int +2) [potion of beneficial mutation]
176997 | Zig:25   | Identified the Compendium of Execration
177113 | Zig:26   | Entered Level 26 of a ziggurat
177196 | Zig:26   | Noticed an ancient lich
177197 | Zig:26   | Reached skill level 27 in Stealth
177213 | Zig:26   | Killed an ancient lich
177229 | Zig:26   | Reached skill level 15 in Invocations
177316 | Zig:26   | Identified the Papyrus of Evil
177321 | Zig:26   | Got a scintillating lapis lazuli ring
177322 | Zig:26   | Identified the ring "Schumalie" {rC+ Int+3 Dex+3} (You found it on level 26 of a ziggurat)
177346 | Zig:26   | Got a bloodstained morningstar
177347 | Zig:26   | Identified the cursed +1 morningstar of the Establishment {crush, rElec rPois+ rC+ MR+ MP-9 Dex-4} (You found it on level 26 of a ziggurat)
177356 | Zig:26   | Identified Nufooschi's Almanac of Attacks and the Volcanoes
177360 | Zig:26   | Learned a level 2 spell: Throw Flame
177385 | Zig:26   | Reached skill level 5 in Conjurations
177385 | Zig:26   | Reached skill level 5 in Fire Magic
177441 | Zig:27   | Entered Level 27 of a ziggurat
177546 | Zig:27   | Reached skill level 10 in Conjurations
177573 | Zig:27   | Reached skill level 10 in Fire Magic
177641 | Zig:27   | Gained mutation: You have a pair of small antennae on your head. [potion of beneficial mutation]
177649 | Zig:27   | Identified the Collected Works on Battle Magic
177660 | Zig:27   | Gained mutation: You are covered in fur (AC +1). [potion of beneficial mutation]
177697 | Zig:27   | Got a glittering pewter ring
177698 | Zig:27   | Identified the ring "Zankuil" {rPois+ rC+ Str-5 Dex+2 Stlth+} (You found it on level 27 of a ziggurat)
177783 | Pan      | Found an exit through the horrors of the Abyss.
177871 | Pan      | Lost mutation: You are covered in fur (AC +1). [the power of Zot]
177880 | Pan      | Noticed Ilaaxt the pandemonium lord
177881 | Pan      | Killed Ilaaxt the pandemonium lord
178002 | Pan      | Noticed Osivaf the pandemonium lord
178031 | Pan      | Killed Osivaf the pandemonium lord
178149 | Pan      | Found an exit through the horrors of the Abyss.
178651 | Pan      | Gained mutation: You are clumsy. (Dex -2) [a cacodemon]
178997 | Pan      | Reached skill level 15 in Conjurations
179023 | Pan      | Found an exit through the horrors of the Abyss.
179192 | Pan      | Noticed Tun Broa the pandemonium lord
179208 | Pan      | Killed Tun Broa the pandemonium lord
179300 | Pan      | Found an exit through the horrors of the Abyss.
179837 | Pan      | Found an exit through the horrors of the Abyss.
179896 | Pan      | Noticed Ski Shy the pandemonium lord
179901 | Pan      | Found an exit through the horrors of the Abyss.
179912 | Pan      | Killed Ski Shy the pandemonium lord
180111 | Pan      | Upgraded the game from 0.16-a0-3807-g3748f16 to 0.16-a0-3827-g034e2a6
180172 | Pan      | Noticed Xugginne the pandemonium lord
180185 | Pan      | Killed Xugginne the pandemonium lord
180364 | Depths:1 | Escaped Pandemonium
180551 | Pan      | Entered Pandemonium
180615 | Pan      | Found a gateway to a ziggurat.
180626 | Zig:1    | Entered Level 1 of a ziggurat
180646 | Zig:2    | Entered Level 2 of a ziggurat
180686 | Zig:3    | Entered Level 3 of a ziggurat
180732 | Zig:3    | Got a brightly glowing robe
180733 | Zig:3    | Identified the +0 robe "Bebeif" {Dex-5 Slay+5} (You found it on level 3 of a ziggurat)
180746 | Zig:4    | Entered Level 4 of a ziggurat
180807 | Zig:4    | Identified the Almanac of Evil Arts
180816 | Zig:5    | Entered Level 5 of a ziggurat
180816 | Zig:5    | Noticed Ruimaf the pandemonium lord
180816 | Zig:5    | Noticed Pniw the pandemonium lord
180819 | Zig:5    | Noticed Weofuica the pandemonium lord
180837 | Zig:5    | Killed Pniw the pandemonium lord
180840 | Zig:5    | Killed Ruimaf the pandemonium lord
180842 | Zig:5    | Killed Weofuica the pandemonium lord
180865 | Zig:6    | Entered Level 6 of a ziggurat
180920 | Zig:6    | Identified Xeryerugg's Collected Works on the Volcanoes
181023 | Zig:7    | Entered Level 7 of a ziggurat
181072 | Zig:8    | Entered Level 8 of a ziggurat
181249 | Zig:9    | Entered Level 9 of a ziggurat
181486 | Zig:10   | Entered Level 10 of a ziggurat
181510 | Zig:10   | Identified the Compendium of Weightlessness and Confrontation
181521 | Zig:10   | Identified the Catalogue of the Thirteen Curses
181627 | Zig:11   | Entered Level 11 of a ziggurat
181643 | Zig:11   | Reached skill level 27 in Conjurations
181728 | Zig:11   | Got a heavily runed plate armour
181729 | Zig:11   | Identified the +9 plate armour "Zaelel" {-Cast MR+ Int+7 Dex+3} (You found it on level 11 of a ziggurat)
181787 | Zig:12   | Entered Level 12 of a ziggurat
181820 | Zig:12   | Reached skill level 15 in Fire Magic
181860 | Zig:12   | Paralysed by accursed screaming for 1 turns
181924 | Zig:12   | Identified the Papyrus of Ashen Changing (You found it on level 12 of a ziggurat)
181934 | Zig:12   | Gained mutation: You possess an exceptional clarity of mind. [potion of beneficial mutation]
182161 | Zig:13   | Entered Level 13 of a ziggurat
182224 | Zig:13   | Got a dazzling cloak
182225 | Zig:13   | Identified the +0 cloak of Hurae {-Tele rElec Int+3} (You found it on level 13 of a ziggurat)
182345 | Zig:14   | Entered Level 14 of a ziggurat
182443 | Zig:14   | Identified the Incunabulum of the Assistive Compass
182469 | Zig:14   | Got an iridescent quick blade
182470 | Zig:14   | Identified the +10 quick blade "Mnidicriq" {pierce, Noisy MP-9 Int+8 Dex+8} (You found it on level 14 of a ziggurat)
182531 | Zig:15   | Entered Level 15 of a ziggurat
182612 | Zig:15   | Got a scintillating steel ring
182613 | Zig:15   | Identified the ring "Bleadez" {SustAb rPois+ Int+4 Dex+7} (You found it on level 15 of a ziggurat)
182616 | Zig:15   | Identified the Tome of Heat
182758 | Zig:16   | Entered Level 16 of a ziggurat
182822 | Zig:16   | Got a shimmering chain mail
182823 | Zig:16   | Identified the cursed -3 chain mail of Thejots {Str+4 Int-2 Dex-4 SInv Stlth+} (You found it on level 16 of a ziggurat)
182898 | Zig:17   | Entered Level 17 of a ziggurat
182919 | Zig:17   | Noticed Bazoskie the pandemonium lord
182920 | Zig:17   | Reached skill level 27 in Fire Magic
182920 | Zig:17   | Reached skill level 1 in Translocations
182924 | Zig:17   | Reached skill level 5 in Translocations
182932 | Zig:17   | Killed Bazoskie the pandemonium lord
182932 | Zig:17   | Reached skill level 10 in Translocations
183002 | Zig:17   | Identified Sif Muna's Incunabulum of Damaging Cold
183019 | Zig:17   | Identified the Handbook of Creative Unholy Magic
183121 | Zig:18   | Entered Level 18 of a ziggurat
183208 | Zig:18   | Got a warped marble ring
183212 | Zig:18   | Identified the ring "Upudyk" {rC+ rN+ Int+3} (You found it on level 18 of a ziggurat)
183230 | Zig:18   | Got a warped plate armour
183241 | Zig:18   | Identified the -11 plate armour of the Sea {SInv} (You found it on level 18 of a ziggurat)
183257 | Zig:18   | Got an ichor-stained dagger
183259 | Zig:18   | Identified the +6 dagger "Shraot" {vamp, rPois- rN++ Dex+4} (You found it on level 18 of a ziggurat)
183265 | Zig:18   | Gained mutation: You can spit poison. [potion of beneficial mutation]
183273 | Zig:18   | Got a ring of the Octopus King
183275 | Zig:18   | Identified a ring of the Octopus King {Wiz AC+1 EV+1 Str+1 Int+1 Dex+1} (You found it on level 18 of a ziggurat)
183283 | Zig:18   | Got a shimmering swamp dragon armour
183294 | Zig:18   | Identified the +7 swamp dragon armour of Dawn {rPois+ Int-2 Dex+4} (You found it on level 18 of a ziggurat)
183329 | Zig:19   | Entered Level 19 of a ziggurat
183348 | Zig:19   | Reached skill level 15 in Translocations
183423 | Zig:19   | Identified the Incunabulum of Flamy Conjuration
183426 | Zig:19   | Got a pitted turquoise ring
183428 | Zig:19   | Identified the ring of Psimusm {+cTele rN+ Str+2 Stlth+} (You found it on level 19 of a ziggurat)
183473 | Zig:20   | Entered Level 20 of a ziggurat
183504 | Zig:20   | Upgraded the game from 0.16-a0-3827-g034e2a6 to 0.16-a0-3841-g2612308
183504 | Zig:20   | Upgraded the game from 0.16-a0-3841-g2612308 to 0.16-a0-3855-gd2600ac
183510 | Zig:20   | Noticed an ancient lich
183519 | Zig:20   | Noticed an ancient lich
183523 | Zig:20   | Noticed an ancient lich
183524 | Zig:20   | Killed an ancient lich
183534 | Zig:20   | Killed an ancient lich
183537 | Zig:20   | Noticed an ancient lich
183537 | Zig:20   | Killed an ancient lich
183549 | Zig:20   | Killed an ancient lich
183552 | Zig:20   | Noticed an ancient lich
183571 | Zig:20   | Killed an ancient lich
183605 | Zig:20   | Noticed an ancient lich
183626 | Zig:20   | Killed an ancient lich
183635 | Zig:20   | Noticed an ancient lich
183646 | Zig:20   | Killed an ancient lich
183701 | Zig:20   | Noticed an ancient lich
183717 | Zig:20   | Killed an ancient lich
183863 | Zig:20   | Identified Cigotuvi's Collected Works on Transformation
183866 | Zig:20   | Got a shimmering ruby amulet
183868 | Zig:20   | Identified the amulet "Shoemo" {Inacc -Cast Str+9} (You found it on level 20 of a ziggurat)
183900 | Zig:20   | Identified the Catalogue of Fate
183907 | Zig:20   | Got a brightly glowing wooden ring
183909 | Zig:20   | Identified the ring of Yzupom {rElec rC- MP-9 Str+5 Int+3 SInv} (You found it on level 20 of a ziggurat)
184009 | Zig:21   | Entered Level 21 of a ziggurat
184191 | Zig:21   | Got a smoking lead ring
184193 | Zig:21   | Identified the ring "Virra" {+Fly rF+ rN+ MR+ SInv Stlth-} (You found it on level 21 of a ziggurat)
184252 | Zig:21   | Got a jewelled morningstar
184254 | Zig:21   | Identified the +6 morningstar of Impatience {holy, -Cast rElec MR+ MP+9 Dex+3} (You found it on level 21 of a ziggurat)
184266 | Zig:22   | Entered Level 22 of a ziggurat
184318 | Zig:22   | Reached skill level 27 in Translocations
184406 | Zig:22   | Upgraded the game from 0.16-a0-3855-gd2600ac to 0.16-a0-3873-g452e4d5
184550 | Zig:23   | Entered Level 23 of a ziggurat
184728 | Zig:23   | Gained mutation: You are partially covered in rugged brown scales (AC +1, +3% HP). [a shining eye]
184728 | Zig:23   | Gained mutation: Your spells are a little easier to cast, but a little less powerful. [a shining eye]
184844 | Zig:23   | Identified the Compendium of Ice
184856 | Zig:23   | Got a wavering brass amulet
184869 | Zig:23   | Identified the amulet "Schazean" {Ward rC- rN+ MR+ Dex+3 SInv Stlth+} (You found it on level 23 of a ziggurat)
184946 | Zig:24   | Entered Level 24 of a ziggurat
185102 | Zig:24   | Identified the Collected Works on Flames and Battle Magic
185120 | Zig:24   | Got a bound lead amulet
185121 | Zig:24   | Identified the amulet "Bekix" {Spirit MR+ Str-3 SInv} (You found it on level 24 of a ziggurat)
185132 | Zig:24   | Got a clouded marble ring
185134 | Zig:24   | Identified the ring of Tweapaf {rF+ rC- MR+ Str+6 Dex-4} (You found it on level 24 of a ziggurat)
185158 | Zig:25   | Entered Level 25 of a ziggurat
185648 | Zig:25   | Identified the Volume of Companions
185656 | Zig:25   | Got a transparent whip
185657 | Zig:25   | Identified the +8 whip of Dischord {speed, rN+} (You found it on level 25 of a ziggurat)
185660 | Zig:25   | Got a steaming whip
185671 | Zig:25   | Got a fine platinum ring
185673 | Zig:25   | Identified the ring of Suicidal Tendencies {rF+ rN+ Int+2 Dex+4 SInv} (You found it on level 25 of a ziggurat)
185761 | Zig:25   | Got a smoking glass ring
185763 | Zig:25   | Identified the ring of the Traitor {-Cast rElec rF- Int+2 Dex+6 Slay+3} (You found it on level 25 of a ziggurat)
185823 | Zig:26   | Entered Level 26 of a ziggurat
185870 | Zig:26   | Reached skill level 27 in Invocations
185970 | Zig:26   | Got a faintly glowing large shield
185977 | Zig:26   | Identified the +1 large shield "Ghaffao" {rElec} (You acquired it on level 26 of a ziggurat)
186149 | Zig:27   | Entered Level 27 of a ziggurat
186162 | Zig:27   | Upgraded the game from 0.16-a0-3873-g452e4d5 to 0.16-a0-3884-g0a5f664
186192 | Zig:27   | Paralysed by accursed screaming for 1 turns
186206 | Zig:27   | Paralysed by accursed screaming for 2 turns
186226 | Zig:27   | Paralysed by accursed screaming for 1 turns
186241 | Zig:27   | Paralysed by accursed screaming for 2 turns
186255 | Zig:27   | Paralysed by accursed screaming for 2 turns
186263 | Zig:27   | Paralysed by accursed screaming for 2 turns
186270 | Zig:27   | Lost dexterity.
186274 | Zig:27   | Lost intelligence.
186278 | Zig:27   | Killed from afar by a starcursed mass

Action                   |  1- 3 |  4- 6 |  7- 9 | 10-12 | 13-15 | 16-18 | 19-21 | 22-24 | 25-27 || total
-------------------------+-------+-------+-------+-------+-------+-------+-------+-------+-------++-------
Melee: Flail             |   126 |   217 |   691 |   178 |    24 |   227 |    44 |       |    88 ||  1595
       Morningstar       |       |       |       |  1091 |   538 |       |       |       |       ||  1629
       Whip              |       |       |       |    78 |    51 |       |       |       |       ||   129
       War axe           |       |       |       |       |  1201 |  1264 |  1603 |  1778 |  1257 ||  7103
       Demon whip        |       |       |       |       |    11 |       |       |    32 |       ||    43
       Sacred scourge    |       |       |       |       |       |       |       |       | 12887 || 12887
       Broad axe         |       |       |       |       |       |       |       |       | 14559 || 14559
       Executioner's axe |       |       |       |       |       |       |       |       |  1568 ||  1568
       Staff             |       |       |       |       |       |       |       |       |   172 ||   172
       Unarmed           |       |       |       |       |       |       |       |       |    55 ||    55
 Cast: Repel Missiles    |       |       |       |       |       |       |       |     1 |     3 ||     4
       Swiftness         |       |       |       |       |       |       |       |       |     2 ||     2
       Haste             |       |       |       |       |       |       |       |       |   141 ||   141
       Shatter           |       |       |       |       |       |       |       |       |   122 ||   122
       Tornado           |       |       |       |       |       |       |       |       |   107 ||   107
       Necromutation     |       |       |       |       |       |       |       |       |    40 ||    40
       Silence           |       |       |       |       |       |       |       |       |    25 ||    25
       Deflect Missiles  |       |       |       |       |       |       |       |       |    22 ||    22
       Regeneration      |       |       |       |       |       |       |       |       |    14 ||    14
       Mass Confusion    |       |       |       |       |       |       |       |       |     1 ||     1
       Discord           |       |       |       |       |       |       |       |       |     1 ||     1
Invok: Heroism           |       |       |       |     6 |     3 |       |       |     5 |       ||    14
       Finesse           |       |       |       |     6 |     5 |     3 |     2 |     3 |       ||    19
       Cleansing Flame   |       |       |       |       |       |       |       |       |     7 ||     7
       Divine Shield     |       |       |       |       |       |       |       |       |    27 ||    27
       Summon Divine War |       |       |       |       |       |       |       |       |     7 ||     7
 Abil: Evoke Berserk Rag |       |     2 |     3 |     2 |     2 |       |       |       |       ||     9
       Fly               |       |       |       |       |     1 |     1 |     1 |     1 |     2 ||     6
       Stop Flying       |       |       |       |       |     1 |     1 |     1 |       |       ||     3
       Evoke Invisibilit |       |       |       |       |       |       |       |       |     2 ||     2
Evoke: Wand              |       |       |       |     1 |       |       |     2 |     6 |    40 ||    49
       Crystal ball of e |       |       |       |       |       |       |       |       |    35 ||    35
       Box of beasts     |       |       |       |       |       |       |       |       |    12 ||    12
       Phial of floods   |       |       |       |       |       |       |       |       |     2 ||     2
       Sack of spiders   |       |       |       |       |       |       |       |       |     1 ||     1
  Use: Potion            |       |     2 |     2 |     5 |       |       |     2 |     3 |   129 ||   143
       Scroll            |       |     4 |     4 |    15 |    20 |     4 |    11 |    23 |   276 ||   357
 Stab: Distracted        |       |       |       |       |       |       |     1 |       |    22 ||    23
       Invisible         |       |       |       |       |       |       |     9 |       |       ||     9
       Petrified         |       |       |       |       |       |       |     3 |     3 |     2 ||     8
       Petrifying        |       |       |       |       |       |       |     2 |       |    26 ||    28
       Confused          |       |       |       |       |       |       |       |       |    12 ||    12
       Sleeping          |       |       |       |       |       |       |       |       |     5 ||     5
       Paralysed         |       |       |       |       |       |       |       |       |     2 ||     2
  Eat: Chunk             |     1 |     5 |    14 |    27 |    34 |    28 |    30 |    18 |   121 ||   278
       Beef jerky        |       |       |     1 |     1 |     3 |     1 |     3 |     1 |    20 ||    30
       Pizza             |       |       |     1 |     1 |       |       |       |       |    16 ||    18
       Royal jelly       |       |       |     1 |       |     1 |       |     1 |       |    30 ||    33
       Fruit             |       |       |       |     3 |     2 |       |     3 |     7 |    52 ||    67
       Meat ration       |       |       |       |       |       |       |       |     2 |    47 ||    49
       Bread ration      |       |       |       |       |       |       |       |       |     8 ||     8
